 Dungeon Crawl Stone Soup: Circus Animals version 1.7-37-g2c94cca (webtiles) character file.

1732236 AlphabetPasta the Archmage (level 41, 384/384 HPs) *EASY*
             Began as a Gargoyle Earth Elementalist on Aug 31, 2016.
             Was the Champion of Vehumet.
             Escaped with the Orb
             ... and 20 runes on Sept 3, 2016!
             The game lasted 14:32:44 (104845 turns).

AlphabetPasta the Archmage (GrEE)                 Turns: 104845, Time: 14:32:44

Health: 384/384    AC: 83    Str: 22    XL:     41   Next: 31%
Magic:  110/110    EV: 17    Int: 48    God:    Vehumet [******]
Gold:   38683      SH: 17    Dex: 13    Spells: 19 memorised, 1 level left

rFire  + + .     rPois    ∞     U - +6 eveningstar "Xeqa" {freeze, rF+ rC+ rN+}
rCold  + + .     rElec    +     i - +8 orange crystal plate armour {Archmagi, Int+3 Clar SustAt}
rNeg   + + +     rCorr    .     s - +2 shield of Resistance {rF+ rC+ MR+} MagicSh . . . SeeInvis +
                                M - +3 hat of Pondering {ponderous, MR+ MP+10 Int+5} StaminaSh . . . Faith .
                                B - +2 cloak RegenHP ++++++....
SustAt +                        w - +3 pair of gauntlets of War {Slay+5} RegenSP +++....... Dismiss .
                                a - +0 pair of boots "Nareem" {Dex+5} RegenMP ++++...... Reflect .
                                f - amulet "Lotwugomm" {QuickCast rN+ MR+ Stlth+}
MR     +++++     Harm     .     h - ring of the Mage {Wiz MR++ Int+3}
Stlth  .......... Clarity  +    X - ring "Emoexesipn" {rPois MR- Str+5 Int+5 SInv}

@: flying, very slow, almost entirely resistant to hostile enchantments,
extremely unstealthy
A: big wings, clumsy 1, negative energy resistance 1, electricity resistance,
unbreathing, petrification resistance, rot immunity, AC +31
a: Stop Flying, Renounce Religion
0: Orb of Zot
}: 20/20 runes: decaying, serpentine, barnacled, slimy, elven, silver, golden,
iron, obsidian, icy, bony, abyssal, demonic, glowing, magical, fiery, dark,
gossamer, dwarven, creeping


You were on level 0 of the Realm of Zot.
You worshipped Vehumet.
Vehumet was exalted by your worship.
You were not hungry.

You visited 21 branches of the dungeon, and saw 117 of its levels.
You visited Pandemonium 1 time, and saw 26 of its levels.
You visited the Abyss 2 times.
You visited 3 ziggurats (completing 2), and saw 79 of their levels.
You also visited: Labyrinth, Sewer, Ice Cave and Volcano.

You collected 41192 gold pieces.
You spent 2509 gold pieces at shops.

Inventory:

Hand Weapons
 t - the +6 flail of the Warrior {venom, rPois rF+ rC+ Int+5}
   (You found it on level 24 of a ziggurat)

   It poisons the flesh of those it strikes.
   It affects your intelligence (+5).
   It protects you from fire.
   It protects you from cold.
   It protects you from poison.
 U - the +6 eveningstar "Xeqa" (weapon) {freeze, rF+ rC+ rN+}
   (You found it on level 7 of the Iron City of Dis)

   It has been specially enchanted to freeze those struck by it, causing extra
   injury to most foes and up to half again as much damage against particularly
   susceptible opponents.
   It can also slow down cold-blooded creatures.
   It protects you from fire.
   It protects you from cold.
   It protects you from negative energy.
Armour
 a - the +0 pair of boots "Nareem" (worn) {Dex+5}
   (You found it on level 4 of the Vaults)

   It affects your dexterity (+5).
 i - the +8 orange crystal plate armour (worn) {Archmagi, Int+3 Clar SustAt}
   (You found it on level 18 of a ziggurat)

   It affects your intelligence (+3).
   It sustains your strength, intelligence and dexterity.
   It protects you against confusion.
 s - the +2 shield of Resistance (worn) {rF+ rC+ MR+}
   (You found it on level 6 of the Depths)

   It protects you from fire.
   It protects you from cold.
   It affects your resistance to hostile enchantments.
 w - the +3 pair of gauntlets of War (worn) {Slay+5}
   (You found it on level 4 of the Tomb of the Ancients)

   It affects your accuracy and damage with ranged weapons and melee attacks
   (+5).
 B - a +2 cloak (worn)
 M - the +3 hat of Pondering (worn) {ponderous, MR+ MP+10 Int+5}
   (You found it on level 4 of the Vaults)

   It affects your intelligence (+5).
   It affects your resistance to hostile enchantments.
   It affects your magic capacity (+10).
Magical Staves
 e - an uncursed staff of earth
 x - an uncursed staff of light
 F - an uncursed staff of conjuration
 L - an uncursed staff of fire
 Z - an uncursed staff of power
Rods
 m - a +9 rod of ignition (13/13)
   (You found it on level 16 of a ziggurat)
Jewellery
 d - the ring "Kemaoqev" {rF+ AC+3 Stlth+}
   (You found it on level 15 of a ziggurat)

   [ring of protection]

   It affects your AC (+3).
   It protects you from fire.
   It makes you more stealthy.
 f - the amulet "Lotwugomm" (around neck) {QuickCast rN+ MR+ Stlth+}
   (You bought it in a shop on level 1 of the Shoals)

   [amulet of quick casting]

   It allows you to cast spells more quickly.
   It protects you from negative energy.
   It affects your resistance to hostile enchantments.
   It makes you more stealthy.
 h - the ring of the Mage (right hand) {Wiz MR++ Int+3}
   (You found it on level 5 of a ziggurat)

   [ring of wizardry]

   It improves your spell success rate.
   It affects your intelligence (+3).
   It affects your resistance to hostile enchantments.
 k - the ring of Cirewnan {MR+ AC+2 Int+4}
   (You found it on level 5 of a ziggurat)

   [ring of protection]

   It affects your AC (+2).
   It affects your intelligence (+4).
   It affects your resistance to hostile enchantments.
 o - an uncursed ring of resist corrosion
 q - the ring "Vycickuf" {rPois SP+25 SInv}
   (You found it on level 19 of a ziggurat)

   [ring of poison resistance]

   It protects you from poison.
   It affects your stamina capacity (+25).
   It lets you see invisible.
 r - the amulet of Boh Zito {Reflect rF+ Str+4 SH+2}
   (You found it on level 4 of the Elven Halls)

   [amulet of reflection]

   It shields you and reflects attacks.
   It affects your strength (+4).
   It protects you from fire.
   It affects your SH (+2).
 u - the amulet "Zooppidoecw" {Reflect rN++ Slay+3 SH+2}
   (You found it on level 26 of a ziggurat)

   [amulet of reflection]

   It shields you and reflects attacks.
   It affects your accuracy and damage with ranged weapons and melee attacks
   (+3).
   It greatly protects you from negative energy.
   It affects your SH (+2).
 y - the ring "Fuomuts" {rPois rF+++ rC+}
   (You found it on level 12 of a ziggurat)

   [ring of poison resistance]

   It renders you almost immune to fire.
   It protects you from cold.
   It protects you from poison.
 A - the ring "Julagoq" {rC+ Int+3 Dex+2}
   (You found it on level 4 of the Lair of Beasts)

   [ring of protection from cold]

   It affects your intelligence (+3).
   It affects your dexterity (+2).
   It protects you from cold.
 D - a +4 ring of slaying
 E - the ring of Sufat {rC++ AC+3}
   (You found it on level 24 of a ziggurat)

   [ring of protection]

   It affects your AC (+3).
   It greatly protects you from cold.
 I - the ring "Cugioh" {*Corrode rF+ Dex+3 SP+25 Stlth+}
   (You found it on level 17 of a ziggurat)

   [ring of protection from fire]

   It affects your dexterity (+3).
   It protects you from fire.
   It affects your stamina capacity (+25).
   It may corrode you when you take damage.
   It makes you more stealthy.
 R - the amulet "Vohuo" {RegenMP rPois rF+ rC+ rN+}
   (You found it on level 4 of the Pits of Slime)

   [amulet of magic regeneration]

   It increases your magic regeneration.
   It protects you from fire.
   It protects you from cold.
   It protects you from poison.
   It protects you from negative energy.
 T - the ring of Pakellas's Scorn {rF+++ rC- Int+3 SP+25}
   (You found it in Pandemonium)

   [ring of stamina]

   It affects your intelligence (+3).
   It renders you almost immune to fire.
   It makes you vulnerable to cold.
   It affects your stamina capacity (+25).
 V - a ring of the Octopus King {rN+ AC+1 EV+1 Str+1 Int+1 Dex+1}
   (You found it on level 12 of a ziggurat)

   [ring of positive energy]

   It affects your AC (+1).
   It affects your evasion (+1).
   It affects your strength (+1).
   It affects your intelligence (+1).
   It affects your dexterity (+1).
   It protects you from negative energy.
 X - the ring "Emoexesipn" (left hand) {rPois MR- Str+5 Int+5 SInv}
   (You found it on level 7 of Cocytus)

   [ring of poison resistance]

   It affects your strength (+5).
   It affects your intelligence (+5).
   It protects you from poison.
   It affects your resistance to hostile enchantments.
   It lets you see invisible.
Wands
 b - a wand of hasting (8/27)
 c - a wand of acid (210/165)
 g - a wand of teleportation (8/18)
 j - a wand of flame (724/1680)
 l - a wand of polymorph (217/480)
 n - a wand of digging (49/96)
 p - a wand of slowing (276/576)
 v - a wand of random effects (366/720)
 z - a wand of disintegration (157/360)
 C - a wand of lightning (133/300)
 H - a wand of paralysis (203/408)
 K - a wand of heal wounds (26/54)
 P - a wand of enslavement (60/144)
 Q - a wand of iceblast (139/311)
 W - a wand of confusion (229/528)
Scrolls
 e - 71 scrolls of remove curse
 f - 59 scrolls of identify
 h - 35 scrolls of amnesia
 i - 102 scrolls of teleportation
 n - 8 scrolls of magic mapping
 o - 46 scrolls of enchant armour
 t - 65 scrolls of blinking
 v - 34 scrolls of recharging
 y - 75 scrolls of enchant weapon
 A - 35 scrolls of fear
 B - 61 scrolls of fog
 C - 11 scrolls of summoning
 D - 27 scrolls of holy word
 F - 22 scrolls of vulnerability
 H - 10 scrolls of silence
 I - 19 scrolls of torment
 O - 8 scrolls of brand weapon
Potions
 b - 80 potions of heal wounds
 c - 115 potions of stamina
 d - 84 potions of magic
 g - 3 potions of berserk rage
 j - 36 potions of resistance
 k - 113 potions of curing
 l - 58 potions of cure mutation
 m - 17 potions of invisibility
 p - 54 potions of brilliance
 q - 21 potions of cancellation
 r - 38 potions of agility
 w - 48 potions of might
 x - 61 potions of ambrosia
 z - 45 potions of haste
 M - 15 potions of beneficial mutation
Books
 a - a book of Geomancy

   Spells                             Type                      Level
   a - Sandblast                      Earth                        1
   b - Passwall                       Transmutation/Earth          2
   c - Stone Arrow                    Earth                        2
   d - Petrify                        Transmutation/Earth          4
   e - Lee's Rapid Deconstruction     Transmutation/Earth          5
 s - a book of Dreams

   Spells                             Type                      Level
   a - Ensorcelled Hibernation        Hexes/Ice/Time               2
   b - Silence                        Hexes/Air/Darkness           5
   c - Darkness                       Hexes/Darkness               6
   d - Shadow Creatures               Summoning/Darkness           6
 E - a book of Ice

   Spells                             Type                      Level
   a - Ice Form                       Ice/Transmutation            4
   b - Metabolic Englaciation         Hexes/Ice                    5
   c - Ozocubu's Refrigeration        Hexes/Ice                    6
   d - Bolt of Cold                   Conjuration/Ice              6
   e - Freezing Cloud                 Conjuration/Ice/Air          6
   f - Simulacrum                     Ice/Necromancy/Summoning     6
 G - a book of Clouds

   Spells                             Type                      Level
   a - Mephitic Cloud                 Conjuration/Poison/Air       3
   b - Conjure Flame                  Conjuration/Fire             3
   c - Poisonous Cloud                Conjuration/Poison/Air       6
   d - Freezing Cloud                 Conjuration/Ice/Air          6
   e - Ring of Flames                 Charms/Fire                  7
 J - a Fen Folio

   Spells                             Type                      Level
   a - Corpse Rot                     Transmutation/Necromancy     2
   b - Stone Arrow                    Earth                        2
   c - Leda's Liquefaction            Hexes/Earth                  4
   d - Summon Forest                  Summoning/Translocation/Earth 5
   e - Hydra Form                     Transmutation/Air            6
   f - Summon Hydra                   Summoning                    7
 K - a book of the Tempests

   Spells                             Type                      Level
   a - Static Discharge               Conjuration/Air              3
   b - Lightning Bolt                 Conjuration/Air              5
   c - Fireball                       Conjuration/Fire/Light       5
   d - Tornado                        Air                          9
   e - Shatter                        Earth                        9
 N - a book of Cantrips

   Spells                             Type                      Level
   a - Confusing Touch                Darkness                     1
   b - Animate Skeleton               Necromancy                   1
   c - Summon Small Mammal            Summoning                    1
   d - Apportation                    Translocation                1
 P - a book of Annihilations

   Spells                             Type                      Level
   a - Poison Arrow                   Conjuration/Poison           6
   b - Chain Lightning                Conjuration/Air              8
   c - Lehudib's Crystal Spear        Conjuration/Ice/Earth        8
   d - Glaciate                       Ice                          9
   e - Fire Storm                     Fire                         9
 Q - a book of Fire

   Spells                             Type                      Level
   a - Ignite Poison                  Fire/Transmutation/Poison    3
   b - Fireball                       Conjuration/Fire/Light       5
   c - Bolt of Fire                   Conjuration/Fire             6
   d - Delayed Fireball               Conjuration/Fire/Time        7
   e - Ring of Flames                 Charms/Fire                  7
 V - an Akashic Record

   Spells                             Type                      Level
   a - Dispersal                      Translocation/Air            6
 b - Malign Gateway Summoning/Translocation/Darkne7
 c - Disjunction Translocation/Time 8
 d - Controlled Blink Translocation 8
 X - the Collected Works on the Rocks and Darkness
   (You found it on level 23 of a ziggurat)

   Spells                             Type                      Level
   a - Sandblast                      Earth                        1
   b - Shadow Creatures               Summoning/Darkness           6
   c - Statue Form                    Transmutation/Earth/Time     6
 d - Malign Gateway Summoning/Translocation/Darkne7
Miscellaneous
 G - a lamp of fire
 J - 30 phantom mirrors
 N - a figurine of a ziggurat
 O - a fan of gales
 S - a disc of storms
 Y - 26 boxes of beasts


   Skills:
 - Level 34.7 Fighting
 - Level 11.7 Maces & Flails
   Level 4.5 Polearms
 + Level 18.1 Staves
 - Level 39.5 Armour
 - Level 29.7 Dodging
 - Level 1.1 Stealth
 - Level 15.0 Shields
 - Level 12.7 Unarmed Combat
 - Level 50.5 Spellcasting
 - Level 39.7 Conjurations
   Level 14.2 Hexes
   Level 13.6 Necromancy
 - Level 8.7 Translocations
 - Level 0.7 Transmutations
 * Level 41.2 Fire Magic
 - Level 38.2 Ice Magic
 - Level 38.5 Air Magic
 - Level 42.4 Earth Magic
 + Level 18.2 Time Magic
 - Level 15.9 Evocations


You had one spell level left.
You knew the following spells:

 Your Spells              Type           Power        Failure   Level  Hunger
a - Sandblast             Erth           ##########   1%          1    #......
b - Passwall              Tmut/Erth      ##########   1%          2    #......
c - Stone Arrow           Erth           ##########   1%          2    #......
d - Petrify               Tmut/Erth      ##########   1%          4    #......
e - Lee's Rapid Deconstr  Tmut/Erth      ##########   1%          5    #......
f - Bolt of Magma         Conj/Fire/Erth ##########   1%          5    #......
g - Glaciate              Ice            ##########   10%         9    ##.....
h - Fire Storm            Fire           ##########   7%          9    ##.....
i - Shatter               Erth           ##########   5%          9    ##.....
k - Conjure Ball Lightni  Conj/Tloc/Air  ##########   1%          6    #......
l - Iskenderun's Mystic   Conj/Ice       ##########   1%          4    #......
m - Chain Lightning       Conj/Air       ##########   4%          8    ##.....
n - Blink                 Tloc           #####.....   5%          2    #......
o - Apportation           Tloc           #####.....   3%          1    #......
p - Repel Missiles        Chrm/Air       ##########   1%          2    #......
 q -                      Fireball       Conj/Fire/Light########## 1%          5    #......
r - Spellforged Servitor  Conj/Summ/Time ##########   2%          7    ##.....
s - Tornado               Air            ##########   8%          9    ##.....
t - Lehudib's Crystal Sp  Conj/Ice/Erth  ##########   3%          8    ##.....


Dungeon Overview and Level Annotations

Branches:
    Coc (7/7) Hell          Crypt (4/4) Forest:4     Depths (7/7) Forest:7
    Dis (7/7) Hell        Dungeon (7/7)               Dwarf (4/4) Orc:2
    Elf (4/4) Orc:6        Forest (7/7) Orc:7           Geh (7/7) Hell
   Lair (7/7) D:7             Orc (7/7) Lair:7       Shoals (4/4) Lair:4
  Slime (4/4) Forest:6      Snake (4/4) Lair:5       Spider (4/4) Orc:4
  Swamp (4/4) Lair:3          Tar (7/7) Hell           Tomb (4/4) Depths:7
 Vaults (4/4) Forest:4       Hell (1/1)                 Zot (7/7) Depths:7

Altars:
Dithmenos
Gozag
Makhleb
Okawaru
Pakellas
Qazlal
Sif Muna
Trog
Vehumet
Xom
The Shining One
Beogh
Jiyva

Shops:
Depths:1 *   Depths:6 ?   Dwarf:1 [   Elf:2 [   Orc:1 *:*:   Orc:7 *([[
Shoals:1 =::*:   Vaults:4 }

Portals:
Abyss: Depths:4
Pandemonium: Depths:3 Depths:4 Depths:5
Hell: Depths:1 Depths:2 Depths:3 Depths:4 Depths:5 Depths:6 Depths:7

Annotations:
Depths:7 6 runed doors


Innate Abilities, Weirdness & Mutations

You are resistant to torment.
Your stone body is resilient. (AC +31)
You are immune to poison.
Your large and strong wings let you fly indefinitely.
You resist negative energy. (rN+)
You are resistant to electric shocks. (rElec)
You can survive without breathing.
You are immune to petrification.
You are immune to rotting.
You are clumsy. (Dex -2)


Message History

You feel aware of your surroundings.
You sensed 1 shop/portal.
A green draconian annihilator comes into view. (hp=112, hd=21) It is wielding a short sword of draining.
You feel a surge of power!
The orb of energy hits the green draconian annihilator. (mon hp-144)
You kill the green draconian annihilator!
Vehumet accepts your kill.
You feel your power returning.
A mottled draconian comes into view. (hp=134, hd=19) It is wielding a mace.
Things that are here:
a storm dragon hide; a storm dragon corpse
Found 22 gold pieces.
The mottled draconian roars!
Found 60 stones.
Found a gate leading back out of this place.
You feel a surge of power!
The orb of energy misses the mottled draconian.
You feel a surge of power!
The orb of energy hits the mottled draconian. (mon hp-162)
You kill the mottled draconian!
Vehumet accepts your kill.
You feel your power returning.
There is a gate leading back out of this place here.
You have escaped!

******* *,,,,,*****######
*,,,,,*,,,,,....###
*,,,,,*,****#.....# *******
****,,,,,*,,,,,+@....# *,,,,,*
*,,+,,,,,#######.....# *,,,,,*
*,**,,,,,,...#.......####*,,,,,**
*,*****##**#.#$..........,,,,,,,,
*,,,,,,#.#,#.............,,,,,,,,
******,*...#.............,,,,,,,,
*,*,#.#..)......!...,,,,,,,,
*,*,#............(..,,,,,,,,
*,*,#.#.............,,,,,,,,


There were no monsters in sight!

Vanquished Creatures
  Gloorx Vloq (Pan)
  Antaeus (Coc:7)
  Asmodeus (Geh:7)
  Lom Lobon (Pan)
  Ereshkigal (Tar:7)
  Mnoleg (Pan)
  the Serpent of Hell (Tar:7)
  A seraph (Pan)
  Dissolution (Slime:4)
  12 orbs of fire the Royal Jelly (Slime:4)
  Khufu (Tomb:4)
  Dispater (Dis:7)
  23 ancient liches
  5 curse toes
  2 juggernauts (shapeshifter)
  32 greater mummies
  3 shard shrikes (shapeshifter) (Zig:24)
  Frederick (Vaults:4)
  4 electric golems
  22 shard shrikes
  10 juggernauts
  18 giant centipedes
  2 caustic shrikes (shapeshifter)
  26 Killer Klowns
  Geryon (Hell)
  43 pandemonium lords
  7 doom hounds
  Jory (Tomb:3)
  9 profane servitors
  Sojobo (twice) (Forest:2 Tomb:2)
  20 Orb Guardians (Zot:7)
  4 pearl dragons
  Boris (Depths:7)
  2 iron giants (shapeshifter) (Zig:24)
  8 iron giants
  3 shard shrike zombies
  17 death cobs
  19 Brimstone Fiends
  Margery (Forest:2)
  Xtahua (Depths:3)
  18 Tzitzimimeh
  Saint Roka (Forest:2)
  13 hellephants
  3 hellephants (shapeshifter)
  2 shard shrike skeletons
  23 caustic shrikes
  24 Ice Fiends
  35 golden dragons
  2 eldritch tentacles
  37 Executioners
  25 Hell Sentinels
  2 titans (shapeshifter)
  18 bone dragons
  the Enchantress (Forest:7)
  54 acid blobs
  3 quicksilver dragons (shapeshifter)
  2 sphinxes (shapeshifter) (Zig:17)
  12 deep elf blademasters
  2 acid blobs (shapeshifter)
  An azure jelly (shapeshifter) (Zig:10)
  2 storm dragons (shapeshifter) (Zig:10)
  19 ophanim (Pan)
  20 draconian monks
  67 tentacled monstrosities
  22 deep elf master archers
  Jorgrun (Depths:1)
  Frances (Dwarf:3)
  21 revenants
  27 liches
  36 cacodemons
  19 blood saints
  14 vault wardens
  42 azure jellies
  7 quicksilver dragons
  2 krakens
  29 draconian knights
  14 titans
  A ghost moth (shapeshifter) (Vaults:4)
  3 elemental wellsprings (Coc:7)
  26 ancient champions
  21 sphinxes
  29 angels
  Roxanne (Shoals:4)
  12 curse skulls
  24 draconian annihilators
  12 warmongers
  4 juggernaut zombies
  34 ghost moths
  78 greater nagas
  12 ghouls
  9 caustic shrike zombies
  25 thorn hunters
  24 emperor scorpions
  20 bennus
  Ilsuiw (Shoals:4)
  10 ironheart preservers
  28 draconian callers
  18 tengu reavers
  20 corrupters
  An entropy weaver (shapeshifter) (Zig:24)
  101 reapers
  14 shadow dragons
  2 caustic shrike skeletons
  34 storm dragons
  Aizul (Snake:4)
  15 lorocyprocas
  22 chaos champions
  17 black suns
  29 iron dragons
  23 daevas
  19 fire giants
  57 very ugly things
  39 draconian zealots
  34 frost giants
  Donald (Forest:1)
  2 dire elephants (shapeshifter)
  31 draconian scorchers
  40 orc warlords
  An ettin (shapeshifter) (Zig:17)
  12 hell beasts
  58 large abominations
  15 death oozes
  20 deep elf sorcerers
  10 unborn deep dwarves
  47 balrugs
  2 crystal guardians
  48 blizzard demons
  23 green deaths
  58 mummy priests
  27 draconian shifters
  7 deep elf elementalists
  Louise (Depths:4)
  4 juggernaut skeletons
  2 fire dragons (shapeshifter)
  2 juggernaut simulacra (Pan)
  84 stone giants
  22 war gargoyles
  26 jiangshi
  25 spriggan defenders
  7 quicksilver dragon skeletons
  24 entropy weavers
  35 apis
  20 dire elephants
  20 eidola
  4 giant centipede zombies
  9 quicksilver dragon zombies
  34 mottled draconians
  26 merfolk javelineers
  18 deep elf demonologists
  3 kraken zombies
  30 white draconians
  33 black draconians
  7 starcursed masses
  20 deep elf annihilators
  37 green draconians
  34 red draconians
  45 yellow draconians
  An alligator (shapeshifter) (Zig:17)
  5 death knights
  31 deep dwarf death knights
  50 hell hogs
  A hell hog (shapeshifter) (Zig:24)
  24 spark wasps
  26 vampire knights
  An iron giant zombie (Tar:7)
  128 death scarabs
  36 purple draconians
  28 gelid demonspawn (Pan)
  27 infernal demonspawn (Pan)
  3 iron giant skeletons
  26 torturous demonspawn (Pan)
  A minotaur (Lab)
  19 deep elf death magi
  22 putrid demonspawn (Pan)
  30 naga warriors
  23 yaktaur captains
  7 storm dragon skeletons
  40 ettins
  39 soul eaters
  13 iron golems
  16 alligator snapping turtles
  57 fire dragons
  5 fire crabs
  2 ghost moth zombies (Dis:3)
  45 dancing weapons
  10 golden dragon zombies
  16 death drakes
  17 merfolk impalers
  8 titan zombies
  10 storm dragon zombies
  32 great orbs of eyes
  5 merfolk avatars
  27 merfolk aquamancers
  An unseen horror (shapeshifter) (Zig:10)
  61 ice dragons
  28 deep elf high priests
  41 vault guards
  12 cherubim
  2 unseen horrors
  12 rakshasas
  3 wolf spider zombies
  43 spriggan air magi
  7 ghost crabs
  15 titan skeletons
  11 anaconda zombies
  9 catoblepae
  A lindwurm (shapeshifter) (Zig:25)
  73 orange demons (Pan)
  A deep troll (shapeshifter) (Zig:25)
  17 shadow wraiths
  8 alligators
  71 hydras
  A harpy (shapeshifter) (Zig:17)
  12 ironbrand convokers
  A lindwurm (Zig:23)
  A salamander (shapeshifter) (Zig:3)
  An obsidian statue (Zig:8)
  4 hell hog skeletons
  7 anaconda skeletons
  46 anubis guards
  2 draconian zombies
  10 centaur warriors
  12 death yaks
  23 satyrs
  33 anacondas
  20 shock serpents
  5 shock serpent zombies
  10 tengu zombies
  31 naga sharpshooters
  40 deep elf archers
  40 monstrous demonspawn
  39 deep troll shamans
  10 shadow dragon zombies
  14 tengu warriors
  51 spriggan berserkers
  7 shadow dragon skeletons
  29 deep troll earth magi
  A griffon (shapeshifter) (Zig:19)
  A draconian skeleton (Tar:6)
  60 sixfirhies
  2 stone giant skeletons
  20 shining eyes
  3 silent spectres
  6 stone giant zombies
  3 white draconian zombies
  18 iron dragon zombies
  A hornet (shapeshifter) (Vaults:4)
  A mottled draconian zombie (Tar:1)
  31 ogre magi
  2 green draconian zombies
  4 tengu skeletons
  70 smoke demons
  A guardian serpent (shapeshifter) (Zig:17)
  6 salamander mystics
  68 orc high priests
  2 fire giant skeletons
  8 efreet
  3 moth of wrath zombies (Tar:7)
  36 orb spiders
  25 deep dwarf berserkers
  54 deep elf knights
  49 iron trolls
  20 sea snakes
  32 vampire magi
  2 black draconian zombies
  5 gargoyles (Zig:23)
  103 sun demons
  6 fire giant zombies
  A yaktaur (shapeshifter) (Zig:13)
  68 spriggans
  11 molten gargoyles
  A black draconian skeleton (Tar:3)
  A mottled draconian skeleton (Tar:1)
  A wretched star (Abyss:3)
  8 frost giant zombies
  88 moths of wrath
  Urug (Lair:3)
  A catoblepas zombie (Coc:5)
  6 dire elephant skeletons
  48 hellions
  8 iron dragon skeletons
  A death drake skeleton (Tar:2)
  2 black mamba zombies
  11 vault sentinels
  13 eyes of devastation
  A titan simulacrum (Coc:7)
  26 swamp dragons
  A thrashing horror (Abyss:3)
  19 naga ritualists
  3 emperor scorpion zombies
  137 skeletal warriors
  28 shambling mangroves
  4 dire elephant zombies
  2 yellow draconian skeletons
  75 ugly things
  A shock serpent skeleton (Crypt:3)
  50 hellwings
  11 frost giant skeletons
  51 hell knights
  13 golden dragon skeletons
  53 harpies
  2 kobold demonologists (Vaults:1)
  A sea snake zombie (Crypt:2)
  25 shadow demons
  46 spatial maelstroms
  12 giant orange brains
  58 tormentors
  15 spriggan druids
  33 flayed ghosts
  2 orange crystal statues
  3 hill giants
  An anaconda simulacrum (Hell)
  2 catoblepas skeletons
  13 salamanders
  104 deep trolls
  12 wizards
  3 harpy zombies
  7 ettin zombies
  A yellow draconian zombie (Crypt:4)
  A merfolk (shapeshifter) (Vaults:4)
  7 sphinx zombies
  32 necromancers
  32 phantasmal warriors
  4 ice dragon zombies
  55 wolf spiders
  A giant leech (shapeshifter) (Zig:25)
  50 demonic crawlers
  9 fire dragon zombies
  33 griffons
  11 boulder beetles
  6 elves (Dwarf:4)
  11 hydra zombies
  A harpy skeleton (Hell)
  A slime creature (shapeshifter) (Zig:14)
  5 sphinx skeletons
  26 mana vipers
  2 alligator skeletons
  40 orc knights
  38 ushabtiu
  12 water nymphs
  28 oklob plants
  134 deep elf magi
  6 hydra skeletons
  51 deep dwarf necromancers
  29 orc sorcerers
  41 wraiths
  71 fauns
  21 manticores
  34 cyclopes
  240 flying skulls
  30 hornets
  8 fire dragon skeletons
  65 ynoxinuls
  3 alligator zombies (Hell)
  A polar bear (shapeshifter) (Elf:1)
  17 elf zombies
  2 steam dragons (Zig:21)
  32 deep dwarf artificers
  16 worldbinders
  2 wind drakes (shapeshifter)
  32 torpor snails
  24 sirens
  4 spriggan zombies
  A redback (shapeshifter) (Zig:24)
  A green draconian simulacrum (Tar:4)
  18 elf skeletons
  16 chaos spawn
  19 deep dwarf scions
  A shock serpent simulacrum (Hell)
  57 freezing wraiths
  3 ice dragon skeletons
  21 golden eyes
  15 elephants
  6 phantoms
  8 apocalypse crabs
  35 guardian serpents
  22 neqoxecs
  9 spriggan skeletons
  A putrid demonspawn zombie (Coc:4)
  8 spiny frog zombies
  10 ettin skeletons
  139 black mambas
  8 ice statues
  39 rust devils
  A hell hound skeleton (Tar:7)
  A tarantella (shapeshifter) (Elf:2)
  71 tarantellas
  2 anubis guard skeletons (Tar:7)
  54 naga magi
  A wind drake skeleton (Crypt:2)
  2 swamp dragon zombies
  28 spiny frogs
  5 komodo dragons
  97 yaktaurs
  2 swamp dragon skeletons
  2 manticore zombies
  12 giant leeches
  21 dryads
  81 merfolk
  18 snapping turtles
  3 snapping turtle zombies
  259 slime creatures
  2 iron dragon simulacra (Depths:4)
  2 ancient zymes (Abyss:3)
  35 eyes of draining
  63 ice devils
  15 bog bodies
  20 rime drakes
  20 wind drakes
  28 polar bears
  26 trolls
  Psyche (Orc:2)
  89 guardian mummies
  53 jumping spiders
  95 red devils
  4 snapping turtle skeletons
  49 shadows
  7 tengu conjurers
  6 spiny frog skeletons
  A ghost crab zombie (Crypt:2)
  An eye of draining (shapeshifter) (Zig:17)
  A rime drake zombie (Crypt:4)
  140 redbacks
  A troll zombie (Geh:5)
  A lindwurm skeleton (Crypt:4)
  6 raiju (Lair:7)
  A spiny frog simulacrum (Coc:3)
  2 swamp worm simulacra (Swamp:4)
  61 two-headed ogres
  A spriggan simulacrum (Depths:4)
  19 insubstantial wisps
  A manticore skeleton (Crypt:4)
  5 swamp worms
  50 blink frogs
  22 hydra simulacra
  283 deep dwarves
  A spriggan (shapeshifter) (Depths:7)
  77 yaks
  A salamander zombie (Crypt:4)
  37 vampire mosquitoes
  88 nagas
  59 air elementals
  16 hippogriffs
  7 hungry ghosts
  3 basilisks (Lair:7)
  Duvessa (Lair:7)
  49 water elementals
  23 fire elementals
  7 humans
  17 earth elementals
  4 giant eyeballs
  A naga zombie (Geh:5)
  42 iron imps
  23 swamp drakes
  18 spatial vortices
  6 human skeletons
  A snapping turtle simulacrum (Hell)
  12 wyverns
  An orc simulacrum (Vaults:1)
  14 fire bats
  2 elephant zombies
  5 human zombies
  38 wargs
  2 lightning spires
  An ogre zombie (Dis:5)
  8 small abominations
  4 mottled dragons
  61 hell hounds
  A warg (shapeshifter) (Depths:1)
  93 wights
  A demonspawn skeleton (Crypt:2)
  18 black bears
  20 water moccasins
  A sky beast (D:7)
  Purgy (Sewer)
  22 ice beasts
  28 necrophages
  A tengu (shapeshifter) (Depths:4)
  138 ogres
  A big kobold zombie (Crypt:3)
  An ogre (shapeshifter) (Depths:3)
  17 crocodiles
  Dowan (Lair:7)
  8 porcupines
  A swamp drake (shapeshifter) (Depths:1)
  Jessica (D:2)
  An orc skeleton (Pan)
  11 hell rats
  64 orc warriors
  69 wolves
  117 wasps
  9 boggarts
  14 centaurs
  38 white imps
  18 giant frogs
  8 gnoll sergeants
  Menkaure (D:6)
  2 scorpions
  2 scorpions (shapeshifter)
  A halfling zombie (Crypt:4)
  A centaur zombie (D:6)
  A giant frog zombie (D:5)
  2 centaur skeletons
  A crocodile zombie (Lair:4)
  A killer bee (D:3)
  A wasp zombie (D:5)
  7 crimson imps
  25 electric eels
  A giant gecko zombie (Crypt:4)
  A quokka zombie (Crypt:4)
  A dart slug (shapeshifter) (Depths:5)
  8 dart slugs
  15 hounds
  A howler monkey (D:7)
  2 jellies
  51 orc priests
  2 vampire bats (Orc:7)
  Crazy Yiuf (D:4)
  5 giant geckos
  48 gnolls
  9 gnoll shamans
  14 iguanas
  An orc (shapeshifter) (Depths:3)
  256 orcs
  67 orc wizards
  30 sheep
  5 swamp drake simulacra (Swamp:4)
  10 worker ants
  27 adders
  4 ball pythons
  11 giant cockroaches
  A giant cockroach (shapeshifter) (Depths:2)
  2 gnolls (shapeshifter)
  A goblin (shapeshifter) (Depths:2)
  24 goblins
  13 hobgoblins
  16 jackals
  9 quokkas
  64 river rats
  9 shadow imps
  3 adder skeletons
  A ball python (shapeshifter) (Depths:6)
  20 bats
  A giant cockroach zombie (D:5)
  A giant gecko skeleton (D:5)
  12 giant newts
  2 hound skeletons
  2 howler monkey zombies
  2 jackal skeletons
  A killer bee zombie (D:6)
  21 kobolds
  142 mummies
  2 oozes
  3 quokka skeletons
  16 rats
  3 worker ant zombies
  7 worms
  14 blocks of ice
  51 briar patches
  A butterfly (Forest:5)
  14 crawling corpses
  An eldritch tentacle segment (Zig:17)
  7 fire vortices
  A fungus (D:7)
  A lurking horror (Abyss:3)
  27 plants
  Cerebov (Pan)
12069 creatures vanquished.

Vanquished Creatures (collateral kills)
  An ice dragon (Coc:2)
  A spriggan (Forest:1)
2 creatures vanquished.

Vanquished Creatures (others)
  A quicksilver dragon (Zig:21)
  3 eldritch tentacles
  A tengu reaver (Depths:5)
  A giant centipede zombie (Tomb:3)
  A black mamba (Zig:12)
  A spriggan (Forest:6)
  A deep troll (Depths:5)
  6 flying skulls
  An elf (Dwarf:4)
  An orc sorcerer (Orc:7)
  An ogre (Zig:14)
  A warg (Vaults:4)
  2 redbacks
  A manticore zombie (Tomb:3)
  8 insubstantial wisps (Swamp:4)
  3 mummies (Tomb:3)
  3 wasps
  A wolf (IceCv)
  8 ball lightnings
  An orc priest (Orc:7)
  4 orcs
  An orc wizard (Orc:6)
  2 gnolls (Orc:7)
  13 blocks of ice
  2 briar patches (Zig:20)
  A bush (Forest:6)
  103 eldritch tentacle segments
  A fire vortex (Pan)
  21 fungi
  61 plants
  5 snaplasher vine segments (Forest:1)
260 creatures vanquished.

Grand Total: 12331 creatures vanquished

Notes
Turn   | Place    | Note
-------+----------+-------------------------------------------
     0 | D:1      | AlphabetPasta the Gargoyle Earth Elementalist began the quest for the Orb.
     0 | D:1      | Reached XP level 1. HP: 32/32 MP: 100/100
   247 | D:1      | Reached XP level 2. HP: 40/40 MP: 96/100
   251 | D:1      | Learned a level 2 spell: Passwall
   254 | D:1      | Learned a level 2 spell: Stone Arrow
   408 | D:1      | Reached XP level 3. HP: 48/49 MP: 93/100
  1036 | D:1      | Reached XP level 4. HP: 58/58 MP: 96/100
  1521 | D:2      | Learned a level 2 spell: Stone Arrow
  1523 | D:2      | Noticed Jessica
  1526 | D:2      | Killed Jessica
  1538 | D:2      | Reached XP level 5. HP: 67/67 MP: 85/100
  1618 | D:2      | Found a bloodstained altar of Trog.
  2488 | D:2      | Reached skill level 3 in Spellcasting
  2570 | D:2      | Found an iron altar of Okawaru.
  2833 | D:2      | Learned a level 4 spell: Petrify
  3202 | D:3      | Reached XP level 6. HP: 76/76 MP: 96/100
  3361 | D:3      | Reached skill level 5 in Earth Magic
  4141 | D:4      | Found a glowing drain.
  4172 | Sewer    | Entered a sewer
  4194 | Sewer    | Noticed Purgy
  4199 | Sewer    | Killed Purgy
  4422 | D:4      | Found a faded altar of an unknown god.
  4515 | D:4      | Reached XP level 7. HP: 82/84 MP: 89/100
  5093 | D:4      | Found a runed door.
  5097 | D:4      | Noticed Crazy Yiuf
  5101 | D:4      | Killed Crazy Yiuf
  5955 | D:5      | Entered Level 5 of the Dungeon
  6232 | D:5      | Reached XP level 8. HP: 87/93 MP: 81/100
  6642 | D:5      | Learned a level 5 spell: Lee's Rapid Deconstruction
  7471 | D:6      | Noticed Menkaure
  7478 | D:6      | Killed Menkaure
  8151 | D:6      | Found an oddly glowing altar of Pakellas.
  8485 | D:7      | Entered Level 7 of the Dungeon
  9103 | D:7      | Reached skill level 4 in Spellcasting
  9193 | D:7      | Reached XP level 9. HP: 96/102 MP: 85/100
  9231 | D:7      | Found a staircase to the Lair.
  9750 | Lair:1   | Entered Level 1 of the Lair of Beasts
 10107 | Lair:1   | Reached XP level 10. HP: 68/111 MP: 28/100
 10170 | Lair:1   | Found a dark tunnel.
 10179 | Volcano  | Entered a volcano
 10955 | Lair:1   | Reached skill level 5 in Dodging
 10955 | Lair:1   | Reached XP level 11. HP: 91/120 MP: 38/100
 12249 | Lair:2   | Reached skill level 5 in Spellcasting
 12689 | Lair:2   | Noticed a catoblepas
 12705 | Lair:2   | Killed a catoblepas
 12705 | Lair:2   | Reached XP level 12. HP: 126/128 MP: 77/100
 13920 | Lair:3   | Found a staircase to the Swamp.
 14462 | Lair:3   | Noticed a two-headed hydra
 14468 | Lair:3   | Killed a two-headed hydra
 14468 | Lair:3   | Reached skill level 10 in Earth Magic
 14854 | Lair:3   | Noticed Urug
 14861 | Lair:3   | Killed Urug
 15587 | Lair:4   | Reached XP level 13. HP: 132/137 MP: 80/100
 15748 | Lair:4   | Got a scintillating tin ring
 15750 | Lair:4   | Identified the ring "Julagoq" {rC+ Int+3 Dex+2} (You found it on level 4 of the Lair of Beasts)
 16192 | Lair:4   | Reached skill level 6 in Spellcasting
 16616 | Lair:4   | Found a staircase to the Shoals.
 17701 | Lair:5   | Found a staircase to the Snake Pit.
 17807 | Lair:5   | Found a labyrinth entrance.
 17817 | Lab      | Entered a labyrinth
 18122 | Lab      | Got a spiked chain mail
 18128 | Lair:5   | Found a frozen archway.
 18147 | IceCv    | Entered an ice cave
 18189 | IceCv    | Gained mutation: Your large and strong wings let you fly indefinitely. [Gargoyle growth]
 18189 | IceCv    | Reached XP level 14. HP: 139/146 MP: 82/100
 18336 | IceCv    | Identified a +4 rod of shadows (13/13) (You found it in a labyrinth)
 18336 | IceCv    | Identified a +4 rod of ignition (14/14) (You found it in a labyrinth)
 18988 | Lair:5   | Learned a level 1 spell: Sandblast
 19630 | Lair:5   | Got a coiled copper amulet
 19631 | Lair:5   | Identified the amulet "Caow Ano" {RegenMP Stlth+} (You found it on level 5 of the Lair of Beasts)
 19979 | Lair:6   | Reached XP level 15. HP: 150/155 MP: 94/100
 20086 | Lair:6   | Reached skill level 7 in Spellcasting
 21440 | Lair:7   | Entered Level 7 of the Lair of Beasts
 21564 | Lair:7   | Reached XP level 16. HP: 164/164 MP: 95/100
 21790 | Lair:7   | Reached skill level 8 in Spellcasting
 21806 | Lair:7   | Reached skill level 1 in Staves
 21965 | Lair:7   | Reached skill level 1 in Fighting
 22071 | Lair:7   | Reached skill level 15 in Earth Magic
 22097 | Lair:7   | Found a staircase to the Orcish Mines.
 22192 | Lair:7   | Reached XP level 17. HP: 109/172 MP: 97/100
 22519 | Lair:7   | Reached skill level 1 in Evocations
 23087 | Lair:7   | Noticed Dowan
 23090 | Lair:7   | Noticed Duvessa
 23092 | Lair:7   | Killed Dowan
 23095 | Lair:7   | Killed Duvessa
 23863 | Orc:1    | Entered Level 1 of the Orcish Mines
 23878 | Orc:1    | Found Poukeidgh's General Store.
 23880 | Orc:1    | Found Safasoym's Book Boutique.
 23892 | Orc:1    | Bought a book of the Earth for 975 gold pieces
 23898 | Orc:1    | Learned a level 5 spell: Bolt of Magma
 24220 | Orc:1    | Found a roughly hewn altar of Beogh.
 24233 | Orc:1    | Found Bimu's Book Shop.
 24242 | Orc:1    | Found Ysecoxt's Assorted Antiques.
 24251 | Orc:1    | Bought a coppery potion for 27 gold pieces
 24339 | Orc:1    | Found a radiant altar of Vehumet.
 24347 | Orc:1    | Became a worshipper of Vehumet
 24386 | Orc:1    | Bought a scroll of identify for 30 gold pieces
 24550 | Orc:2    | Noticed Psyche
 24556 | Orc:2    | Paralysed by something for 4 turns
 24560 | Orc:2    | Killed Psyche
 24642 | Orc:2    | Found a bloodstained altar of Trog.
 24804 | Orc:2    | Reached * piety under Vehumet
 24804 | Orc:2    | Offered knowledge of Sting by Vehumet.
 24978 | Orc:2    | Reached ** piety under Vehumet
 24978 | Orc:2    | Offered knowledge of Throw Frost by Vehumet.
 25002 | Orc:2    | Found a staircase to the Dwarven Fortress.
 25182 | Orc:2    | Found a bloodstained altar of Trog.
 25514 | Orc:3    | Offered knowledge of Static Discharge by Vehumet.
 26110 | Orc:4    | Found a hole to the Spider Nest.
 26111 | Orc:4    | Reached *** piety under Vehumet
 26429 | Orc:4    | Learned a level 6 spell: Iron Shot
 26555 | Orc:5    | Reached skill level 1 in Conjurations
 26621 | Orc:5    | Offered knowledge of Conjure Flame by Vehumet.
 26635 | Orc:5    | Reached skill level 9 in Spellcasting
 26665 | Orc:5    | Reached skill level 10 in Dodging
 26753 | Orc:4    | Reached **** piety under Vehumet
 26903 | Orc:5    | Offered knowledge of Olgreb's Toxic Radiance by Vehumet.
 26916 | Orc:5    | Reached XP level 18. HP: 181/181 MP: 93/100
 26918 | Orc:5    | Reached skill level 1 in Fire Magic
 27349 | Orc:6    | Found a burning altar of Makhleb.
 27492 | Orc:6    | Reached ***** piety under Vehumet
 27494 | Orc:6    | Offered knowledge of Iskenderun's Battlesphere by Vehumet.
 27645 | Orc:7    | Entered Level 7 of the Orcish Mines
 27738 | Orc:7    | Reached skill level 1 in Armour
 27989 | Orc:7    | Found a roughly hewn altar of Beogh.
 28015 | Orc:6    | Found a staircase to the Elven Halls.
 28194 | Orc:6    | Offered knowledge of Poisonous Cloud by Vehumet.
 28240 | Orc:6    | Reached skill level 1 in Shields
 28716 | Orc:7    | Reached XP level 19. HP: 115/190 MP: 55/100
 28733 | Orc:7    | Reached skill level 5 in Conjurations
 28821 | Orc:7    | Found Xyri's Antique Armour Emporium.
 28825 | Orc:7    | Found Zuasch's Weapon Shop.
 28838 | Orc:7    | Found Weloa's Assorted Antiques.
 28839 | Orc:7    | Found Ciatopas's Antique Armour Shop.
 28869 | Orc:7    | Reached skill level 10 in Spellcasting
 28949 | Orc:7    | Found a staircase to the Enchanted Forest.
 28985 | Orc:7    | Bought a transparent cloak for 351 gold pieces
 28995 | Orc:7    | Identified the +4 cloak "Zocseuraga" {Str+3 Slay-3} (You bought it in a shop on level 7 of the Orcish Mines)
 29025 | Orc:7    | Bought a knobbly jewelled staff for 420 gold pieces
 29025 | Orc:7    | Bought a scroll labeled ONITOF ZASIR for 35 gold pieces
 29475 | Forest:1 | Entered Level 1 of the Enchanted Forest
 29496 | Forest:1 | Offered knowledge of Bolt of Fire by Vehumet.
 29796 | Forest:1 | Found a shadowy altar of Dithmenos.
 29892 | Forest:1 | Learned a level 3 spell: Call Canine Familiar
 30394 | Forest:1 | Identified a +0 rod of shadows (11/11) (You found it on level 1 of the Enchanted Forest)
 30605 | Forest:1 | Noticed Donald
 30607 | Forest:1 | Killed Donald
 32071 | Forest:2 | Reached ****** piety under Vehumet
 32089 | Forest:2 | Reached XP level 20. HP: 199/199 MP: 98/100
 32124 | Forest:2 | Offered knowledge of Irradiate by Vehumet.
 32222 | Forest:2 | Noticed Saint Roka
 32224 | Forest:2 | Noticed Margery
 32224 | Forest:2 | Killed Saint Roka
 32225 | Forest:2 | Killed Margery
 32229 | Forest:2 | Noticed Sojobo
 32230 | Forest:2 | Reached skill level 11 in Spellcasting
 32238 | Forest:2 | Killed Sojobo
 32293 | Forest:2 | Found a shimmering altar of Xom.
 32352 | Forest:2 | Reached skill level 5 in Fire Magic
 32451 | Forest:2 | Got an ancient brass ring
 32455 | Forest:2 | Identified the cursed ring "Jouwaz" {+Inv Dex-2} (You took it off a spriggan on level 2 of the Enchanted Forest)
 32470 | Forest:2 | Learned a level 9 spell: Shatter
 32500 | Forest:2 | Found a stormy altar of Qazlal.
 32515 | Forest:2 | Reached skill level 12 in Spellcasting
 32515 | Forest:2 | Reached skill level 5 in Evocations
 32571 | Forest:2 | Got a brightly glowing silver ring
 32718 | Forest:2 | Reached XP level 21. HP: 208/208 MP: 100/100
 32797 | Forest:2 | Found a shimmering altar of Xom.
 33118 | Forest:3 | Reached skill level 10 in Conjurations
 33134 | Forest:3 | Offered knowledge of Orb of Destruction by Vehumet.
 33146 | Forest:3 | Learned a level 7 spell: Orb of Destruction
 34038 | Forest:3 | Reached skill level 13 in Spellcasting
 36139 | Forest:4 | Found a staircase to the Crypt.
 36465 | Forest:4 | Found a gate to the Vaults.
 37678 | Forest:5 | Found a bloodstained altar of Trog.
 37821 | Forest:5 | Offered knowledge of Poison Arrow by Vehumet.
 38409 | Forest:5 | Reached XP level 22. HP: 216/216 MP: 100/100
 40093 | Forest:6 | Found a viscous altar of Jiyva.
 40094 | Forest:6 | Found a staircase to the Slime Pits.
 40140 | Forest:6 | Noticed a giant centipede
 40145 | Forest:6 | Killed a giant centipede
 41117 | Forest:6 | Reached skill level 14 in Spellcasting
 41277 | Forest:6 | Offered knowledge of Conjure Ball Lightning by Vehumet.
 41965 | Forest:6 | Found an opulent altar of Gozag.
 42845 | Forest:7 | Entered Level 7 of the Enchanted Forest
 42955 | Forest:7 | Noticed the Enchantress
 42957 | Forest:7 | Killed the Enchantress
 42959 | Forest:7 | Reached skill level 10 in Fire Magic
 42965 | Forest:7 | Got a faerie dragon armour
 42978 | Forest:7 | Identified the +5 faerie dragon armour {*Drain RegenHP+ MP+25 SInv} (You took it off the Enchantress on level 7 of the Enchanted Forest)
 43345 | Forest:7 | Reached XP level 23. HP: 225/225 MP: 100/100
 43814 | Forest:7 | Learned a level 6 spell: Conjure Ball Lightning
 44728 | Forest:7 | Found a staircase to the Depths.
 44771 | Forest:7 | Offered knowledge of Lehudib's Crystal Spear by Vehumet.
 44771 | Forest:7 | Offered knowledge of Chain Lightning by Vehumet.
 44771 | Forest:7 | Offered knowledge of Tornado by Vehumet.
 45382 | Depths:1 | Entered Level 1 of the Depths
 45800 | Depths:1 | Reached skill level 5 in Armour
 45851 | Depths:1 | Noticed Jorgrun
 45852 | Depths:1 | Killed Jorgrun
 46021 | Depths:1 | Found a gateway to Hell.
 46242 | Depths:1 | Found Vaudaq's Serpentskin Sales.
 46427 | Depths:2 | Found a gateway to a ziggurat.
 46623 | Depths:2 | Got a serpentine tin amulet
 46633 | Depths:2 | Identified the amulet "Jyunergh" {StaminaShield MP+25} (You found it on level 2 of the Depths)
 46861 | Depths:2 | Reached XP level 24. HP: 234/234 MP: 100/100
 47153 | Depths:2 | Reached skill level 15 in Spellcasting
 47570 | Depths:2 | Noticed a giant centipede
 47573 | Depths:2 | Killed a giant centipede
 47697 | Depths:2 | Identified the Volume of Flames and Stones
 47711 | Depths:2 | Found a deep blue altar of Sif Muna.
 47759 | Depths:2 | Identified the Incunabulum of Translocation and Sinister Secrets
 47762 | Depths:2 | Identified the Reference Book on Igneous Good Luck
 47774 | Depths:2 | Identified Sif Muna's Collected Works on Glacial Attacks
 47793 | Depths:2 | Identified a +1 rod of shadows (9/9) (You found it on level 2 of the Depths)
 47898 | Depths:2 | Identified Sif Muna's Guide on Supportive Intoxication
 48393 | Depths:3 | Found a one-way gate leading to the halls of Pandemonium.
 48737 | Depths:3 | Reached skill level 27 in Earth Magic
 49623 | Depths:3 | Reached XP level 25. HP: 243/243 MP: 100/100
 49663 | Depths:3 | Noticed Xtahua
 49663 | Depths:3 | Killed Xtahua
 50321 | Depths:4 | Reached skill level 16 in Spellcasting
 50321 | Depths:4 | Reached skill level 15 in Conjurations
 50405 | Depths:4 | Noticed Louise
 50407 | Depths:4 | Killed Louise
 50416 | Depths:4 | Found a one-way gate to the infinite horrors of the Abyss.
 51096 | Depths:4 | Found a stormy altar of Qazlal.
 51573 | Depths:5 | Paralysed by a sphinx for 4 turns
 52173 | Depths:5 | Reached XP level 26. HP: 252/252 MP: 100/100
 52194 | Depths:5 | Noticed a giant centipede
 52207 | Depths:5 | Killed a giant centipede
 52207 | Depths:5 | Reached skill level 17 in Spellcasting
 53330 | Depths:6 | Reached skill level 15 in Fire Magic
 53591 | Depths:6 | Noticed a giant centipede
 53594 | Depths:6 | Killed a giant centipede
 53604 | Depths:6 | Reached skill level 5 in Shields
 53829 | Depths:6 | Found a glowing golden altar of the Shining One.
 53833 | Depths:6 | Reached XP level 27. HP: 260/260 MP: 100/100
 53864 | Depths:6 | Found Esmi's Magic Scroll Boutique.
 54437 | Depths:7 | Entered Level 7 of the Depths
 54440 | Depths:7 | Reached skill level 18 in Spellcasting
 54626 | Depths:7 | Noticed Boris
 54631 | Depths:7 | Killed Boris
 55115 | Depths:7 | Found a staircase to the Tomb.
 55217 | Depths:7 | Reached skill level 10 in Shields
 55231 | Depths:7 | Found a runed door.
 55231 | Depths:7 | Found a runed door.
 55231 | Depths:7 | Found a runed door.
 55238 | Depths:7 | Found a runed door.
 55274 | Depths:7 | Found a runed door.
 55274 | Depths:7 | Found a runed door.
 55356 | Depths:7 | Found a gate to the Realm of Zot.
 55699 | Depths:7 | Learned a level 4 spell: Iskenderun's Mystic Blast
 55825 | Depths:4 | Voluntarily entered the Abyss.
 55825 | Abyss:1  | Found a corrupted altar of Lugonu.
 55943 | Abyss:3  | Found a corrupted altar of Lugonu.
 56034 | Abyss:3  | Found a corrupted altar of Lugonu.
 56098 | Abyss:3  | Got an abyssal rune of Zot
 56221 | Abyss:3  | Found a corrupted altar of Lugonu.
 56266 | Depths:4 | Escaped the Abyss
 57022 | Swamp:1  | Entered Level 1 of the Swamp
 57529 | Swamp:1  | Identified the Almanac of Darkness
 57856 | Swamp:4  | Entered Level 4 of the Swamp
 58160 | Swamp:4  | Got a decaying rune of Zot
 58461 | Shoals:1 | Entered Level 1 of the Shoals
 58519 | Shoals:1 | Found Solaiwna's Book Emporium.
 58540 | Shoals:1 | Found Itagej's Book Boutique.
 58542 | Shoals:1 | Found Fayst's Assorted Antiques.
 58551 | Shoals:1 | Bought a gilded ring for 90 gold pieces
 58551 | Shoals:1 | Bought a scroll of identify for 36 gold pieces
 58722 | Shoals:1 | Found Fiatyfam's Book Shop.
 59343 | Shoals:1 | Found Vaamaur's Jewellery Shoppe.
 59381 | Shoals:1 | Bought the amulet "Lotwugomm" {QuickCast rN+ MR+ Stlth+} for 545 gold pieces
 59794 | Shoals:3 | Reached XP level 28. HP: 269/269 MP: 100/100
 59913 | Shoals:4 | Entered Level 4 of the Shoals
 60385 | Shoals:4 | Noticed Roxanne
 60386 | Shoals:4 | Killed Roxanne
 60503 | Shoals:4 | Noticed Ilsuiw
 60512 | Shoals:4 | Killed Ilsuiw
 60700 | Shoals:4 | Reached skill level 19 in Spellcasting
 61339 | Shoals:4 | Got a barnacled rune of Zot
 61605 | Snake:1  | Entered Level 1 of the Snake Pit
 62105 | Snake:4  | Entered Level 4 of the Snake Pit
 63055 | Snake:4  | Noticed Aizul
 63059 | Snake:4  | Killed Aizul
 63354 | Snake:4  | Got a serpentine rune of Zot
 63824 | Dwarf:1  | Entered Level 1 of the Dwarven Fortress
 64652 | Dwarf:1  | Found Vitiq's Armour Boutique.
 64784 | Dwarf:1  | Reached skill level 15 in Shields
 65338 | Dwarf:2  | Reached XP level 29. HP: 278/278 MP: 100/100
 65376 | Dwarf:3  | Noticed Frances
 65378 | Dwarf:3  | Killed Frances
 66048 | Dwarf:3  | Reached skill level 20 in Spellcasting
 66089 | Dwarf:3  | Reached skill level 5 in Fighting
 66159 | Dwarf:4  | Entered Level 4 of the Dwarven Fortress
 66421 | Dwarf:4  | Got a dwarven rune of Zot
 66450 | Dwarf:4  | Found a burning altar of Makhleb.
 66456 | Dwarf:4  | Found a burning altar of Makhleb.
 66465 | Dwarf:4  | Identified the Reference Book on Supportive Air
 66810 | Spider:1 | Entered Level 1 of the Spider Nest
 67253 | Spider:4 | Entered Level 4 of the Spider Nest
 67641 | Spider:4 | Reached skill level 1 in Ice Magic
 68220 | Spider:4 | Got a gossamer rune of Zot
 68460 | Elf:1    | Entered Level 1 of the Elven Halls
 68800 | Elf:2    | Found Jomalag's Armour Boutique.
 68950 | Elf:4    | Entered Level 4 of the Elven Halls
 69591 | Elf:4    | Reached XP level 30. HP: 282/287 MP: 100/100
 69592 | Elf:4    | Reached skill level 5 in Ice Magic
 70100 | Elf:4    | Reached skill level 21 in Spellcasting
 70139 | Elf:4    | Got a translucent tin amulet
 70140 | Elf:4    | Identified the amulet "Yrchogh" {Faith rPois Str+3} (You found it on level 4 of the Elven Halls)
 70170 | Elf:4    | Got a flickering garnet amulet
 70171 | Elf:4    | Identified the amulet of Urukkep {+Blink +Inv rPois RegenHP+} (You found it on level 4 of the Elven Halls)
 70180 | Elf:4    | Identified the Compendium of Damaging Calling
 70226 | Elf:4    | Got a smoking crystal amulet
 70227 | Elf:4    | Identified the amulet of Temperance {MagicShield rPois} (You found it on level 4 of the Elven Halls)
 70235 | Elf:4    | Got a glittering steel amulet
 70236 | Elf:4    | Identified the amulet of Boh Zito {Reflect rF+ Str+4 SH+2} (You found it on level 4 of the Elven Halls)
 70238 | Elf:4    | Got a scintillating granite ring
 70240 | Elf:4    | Identified the cursed ring "Kofum" {*Confuse rC+ Str-3 Slay+3 Stlth+} (You found it on level 4 of the Elven Halls)
 70290 | Elf:4    | Got an elven rune of Zot
 70696 | Vaults:1 | Entered Level 1 of the Vaults
 71420 | Vaults:4 | Entered Level 4 of the Vaults
 71424 | Vaults:4 | Noticed Frederick
 71427 | Vaults:4 | Killed Frederick
 71526 | Vaults:4 | Reached skill level 22 in Spellcasting
 71585 | Vaults:4 | Reached skill level 10 in Armour
 71630 | Vaults:4 | Reached XP level 31. HP: 296/296 MP: 100/100
 71681 | Vaults:4 | Got a silver rune of Zot
 71959 | Vaults:4 | Found Hiptef's Gadget Shoppe.
 71968 | Vaults:4 | Got a pair of bloodstained boots
 71979 | Vaults:4 | Identified the cursed +0 pair of boots "Nareem" {Dex+5} (You found it on level 4 of the Vaults)
 72291 | Slime:1  | Entered Level 1 of the Pits of Slime
 72327 | Slime:1  | Reached skill level 10 in Ice Magic
 72389 | Slime:1  | Gained mutation: You are missing an eye, making it more difficult to aim. [a shining eye]
 72473 | Slime:4  | Entered Level 4 of the Pits of Slime
 72506 | Slime:4  | Noticed the Royal Jelly
 72506 | Slime:4  | Killed the Royal Jelly
 72563 | Slime:4  | Got a slimy rune of Zot
 72653 | Slime:4  | Identified Baestrim's Incunabulum of the Snowflakes and Battle Magic
 72719 | Slime:4  | Got a warped tin amulet
 72720 | Slime:4  | Identified the amulet "Vohuo" {RegenMP rPois rF+ rC+ rN+} (You found it on level 4 of the Pits of Slime)
 72725 | Slime:4  | Identified Vajut's Compendium of Air and Darkness
 72767 | Slime:4  | Noticed Dissolution
 72781 | Slime:4  | Killed Dissolution
 72921 | Crypt:1  | Entered Level 1 of the Crypt
 73189 | Crypt:2  | Reached skill level 23 in Spellcasting
 73663 | Crypt:4  | Entered Level 4 of the Crypt
 73766 | Crypt:4  | Killed an ancient lich
 73773 | Crypt:4  | Got a creeping rune of Zot
 73778 | Crypt:4  | Identified Kikubaaqudgha's Tome of Sinister Rituals
 74140 | Hell     | Entered the Vestibule of Hell
 74140 | Hell     | Noticed Geryon
 74145 | Hell     | Killed Geryon
 74171 | Hell     | Noticed an ancient lich
 74179 | Hell     | Killed an ancient lich
 74198 | Hell     | Reached XP level 32. HP: 285/304 MP: 100/100
 74369 | Hell     | Found a gateway to the ashen valley of Gehenna.
 74528 | Hell     | Found a gateway to the freezing wastes of Cocytus.
 74606 | Hell     | Found a gateway to the decaying netherworld of Tartarus.
 74735 | Hell     | Found a gateway to the Iron City of Dis.
 74836 | Zig:1    | Entered Level 1 of a ziggurat
 74868 | Zig:2    | Entered Level 2 of a ziggurat
 74934 | Zig:3    | Entered Level 3 of a ziggurat
 74951 | Zig:3    | Identified Gytro's Papyrus of Dark Secrets and Time
 74986 | Zig:4    | Entered Level 4 of a ziggurat
 74989 | Zig:4    | Noticed Akheompe the pandemonium lord
 74993 | Zig:4    | Killed Akheompe the pandemonium lord
 75024 | Zig:4    | Got a steaming bronze ring
 75026 | Zig:4    | Identified the ring of Haydaib {SustAt Str+5} (You found it on level 4 of a ziggurat)
 75045 | Zig:5    | Entered Level 5 of a ziggurat
 75077 | Zig:5    | Got a faintly glowing gossamer ring
 75079 | Zig:5    | Identified the ring "Urot" {EV+3 Slay+2} (You found it on level 5 of a ziggurat)
 75167 | Zig:6    | Entered Level 6 of a ziggurat
 75256 | Zig:7    | Entered Level 7 of a ziggurat
 75262 | Zig:7    | Noticed Qaded the pandemonium lord
 75273 | Zig:7    | Killed Qaded the pandemonium lord
 75301 | Zig:7    | Identified the Handbook of Icy Transformation
 75340 | Zig:8    | Entered Level 8 of a ziggurat
 75348 | Zig:8    | Noticed Vinnoupn the pandemonium lord
 75355 | Zig:8    | Killed Vinnoupn the pandemonium lord
 75369 | Zig:8    | Got a pair of jewelled boots
 75380 | Zig:8    | Identified the +1 pair of boots of Seni {rElec rPois rC+++ Str-2} (You found it on level 8 of a ziggurat)
 75476 | Zig:9    | Entered Level 9 of a ziggurat
 75586 | Zig:10   | Entered Level 10 of a ziggurat
 75608 | Zig:10   | Identified the Disquisition on Attacks
 75617 | Zig:10   | Got a bloodstained helmet
 75628 | Zig:10   | Identified the +1 helmet "Goqe" {Dex+2} (You found it on level 10 of a ziggurat)
 75738 | Zig:10   | Learned a level 8 spell: Chain Lightning
 75739 | Zig:11   | Entered Level 11 of a ziggurat
 75754 | Zig:11   | Reached skill level 1 in Air Magic
 75848 | Zig:12   | Entered Level 12 of a ziggurat
 75869 | Zig:12   | Reached skill level 24 in Spellcasting
 75919 | Zig:12   | Reached skill level 26 in Spellcasting
 75920 | Zig:12   | Reached skill level 27 in Spellcasting
 75928 | Zig:12   | Reached skill level 28 in Spellcasting
 75928 | Zig:12   | Reached skill level 15 in Ice Magic
 75952 | Zig:12   | Got a ring of the Octopus King
 75954 | Zig:12   | Identified a ring of the Octopus King {rN+ AC+1 EV+1 Str+1 Int+1 Dex+1} (You found it on level 12 of a ziggurat)
 76003 | Zig:13   | Entered Level 13 of a ziggurat
 76121 | Zig:14   | Entered Level 14 of a ziggurat
 76198 | Zig:14   | Identified a +0 rod of ignition (10/10) (You found it on level 9 of a ziggurat)
 76246 | Zig:14   | Identified the Collected Works on Dark Talismans
 76249 | Zig:14   | Got a coiled golden ring
 76250 | Zig:14   | Identified the ring of Moderation {rF+ Dex+3} (You found it on level 14 of a ziggurat)
 76259 | Zig:15   | Entered Level 15 of a ziggurat
 76400 | Zig:15   | Got an ancient lead amulet
 76401 | Zig:15   | Identified the amulet "Mita" {RegenMP +Blink} (You found it on level 15 of a ziggurat)
 76486 | Zig:15   | Got a heavily runed iron ring
 76487 | Zig:15   | Identified the ring "Kemaoqev" {rF+ AC+3 Stlth+} (You found it on level 15 of a ziggurat)
 76506 | Zig:16   | Entered Level 16 of a ziggurat
 76535 | Zig:16   | Reached skill level 27 in Conjurations
 76553 | Zig:16   | Gained mutation: You have a pair of small antennae on your head. [a shining eye]
 76600 | Zig:16   | Got a sparkling silver amulet
 76601 | Zig:16   | Identified the amulet "Orapas" {Inacc SP+25} (You found it on level 16 of a ziggurat)
 76603 | Zig:16   | Identified a +4 rod of shadows (9/9) (You found it on level 16 of a ziggurat)
 76696 | Zig:17   | Entered Level 17 of a ziggurat
 76820 | Zig:17   | Got a steaming golden ring
 76821 | Zig:17   | Identified the ring "Gaperog" {+Inv rC+} (You found it on level 17 of a ziggurat)
 76857 | Zig:18   | Entered Level 18 of a ziggurat
 77008 | Zig:18   | Identified a +7 rod of clouds (10/10) (You found it on level 18 of a ziggurat)
 77077 | Zig:19   | Entered Level 19 of a ziggurat
 77092 | Zig:19   | Reached skill level 29 in Spellcasting
 77295 | Zig:19   | Got a fine ivory ring
 77297 | Zig:19   | Got a transparent copper amulet
 77298 | Zig:19   | Identified the ring "Vycickuf" {rPois SP+25 SInv} (You found it on level 19 of a ziggurat)
 77299 | Zig:19   | Identified the amulet "Pougoe" {StaminaShield rF- Str+4} (You found it on level 19 of a ziggurat)
 77311 | Zig:20   | Entered Level 20 of a ziggurat
 77335 | Zig:20   | Reached XP level 33. HP: 313/313 MP: 100/100
 77369 | Zig:20   | Reached skill level 15 in Armour
 77453 | Zig:20   | Got a pair of spiked boots
 77464 | Zig:20   | Identified the +0 pair of boots of Sin {rF++ Str+4 Slay-3} (You found it on level 20 of a ziggurat)
 77472 | Zig:20   | Got a glittering iron ring
 77492 | Zig:20   | Identified the ring of Qeidajou {rElec rN+ Int+4 Stlth+} (You found it on level 20 of a ziggurat)
 77504 | Zig:21   | Entered Level 21 of a ziggurat
 77698 | Zig:21   | Identified the Reference Book on Lightness and Light
 77704 | Zig:21   | Identified Dish's Tome of Supportive Enchantment
 77711 | Zig:21   | Learned a level 2 spell: Blink
 77713 | Zig:21   | Learned a level 1 spell: Apportation
 77788 | Zig:21   | Reached skill level 30 in Spellcasting
 77789 | Zig:21   | Reached skill level 31 in Spellcasting
 77810 | Zig:22   | Entered Level 22 of a ziggurat
 78127 | Zig:22   | Got a steaming turquoise ring
 78128 | Zig:22   | Identified the ring "Ejelum" {*Drain rF++ Str+5 SP+25 Stlth+} (You found it on level 22 of a ziggurat)
 78143 | Zig:22   | Got a polished large shield
 78144 | Zig:22   | Identified the cursed +0 large shield of Valiance {rElec rPois Dex-3 Slay+5} (You found it on level 22 of a ziggurat)
 78171 | Zig:22   | Reached skill level 32 in Spellcasting
 78235 | Zig:23   | Entered Level 23 of a ziggurat
 78483 | Zig:23   | Identified the Volume of the Unstable Rocks
 78545 | Zig:24   | Entered Level 24 of a ziggurat
 78569 | Zig:24   | Noticed Kiexupni the pandemonium lord
 78570 | Zig:24   | Noticed Pithrinilo the pandemonium lord
 78570 | Zig:24   | Killed Pithrinilo the pandemonium lord
 78571 | Zig:24   | Killed Kiexupni the pandemonium lord
 78572 | Zig:24   | Noticed Houpp the pandemonium lord
 78574 | Zig:24   | Noticed Dibumuw the pandemonium lord
 78576 | Zig:24   | Noticed Didolud the pandemonium lord
 78576 | Zig:24   | Killed Houpp the pandemonium lord
 78577 | Zig:24   | Killed Dibumuw the pandemonium lord
 78579 | Zig:24   | Killed Didolud the pandemonium lord
 78581 | Zig:24   | Noticed Serear the pandemonium lord
 78582 | Zig:24   | Noticed Wihariuf the pandemonium lord
 78582 | Zig:24   | Noticed Jiv Dawa the pandemonium lord
 78582 | Zig:24   | Noticed Fijuiriq the pandemonium lord
 78586 | Zig:24   | Killed Fijuiriq the pandemonium lord
 78587 | Zig:24   | Killed Wihariuf the pandemonium lord
 78588 | Zig:24   | Killed Jiv Dawa the pandemonium lord
 78589 | Zig:24   | Noticed Ken Kosh the pandemonium lord
 78589 | Zig:24   | Noticed Zusuvig the pandemonium lord
 78591 | Zig:24   | Noticed Ukebo the pandemonium lord
 78591 | Zig:24   | Killed Ken Kosh the pandemonium lord
 78592 | Zig:24   | Killed Serear the pandemonium lord
 78592 | Zig:24   | Killed Ukebo the pandemonium lord
 78595 | Zig:24   | Killed Zusuvig the pandemonium lord
 78601 | Zig:24   | Noticed Zuolaps the pandemonium lord
 78601 | Zig:24   | Killed Zuolaps the pandemonium lord
 78818 | Zig:24   | Reached skill level 33 in Spellcasting
 78819 | Zig:24   | Reached skill level 15 in Dodging
 78860 | Zig:25   | Entered Level 25 of a ziggurat
 78884 | Zig:25   | Noticed an ancient lich
 78886 | Zig:25   | Killed an ancient lich
 78905 | Zig:25   | Noticed an ancient lich
 78909 | Zig:25   | Killed an ancient lich
 78924 | Zig:25   | Noticed an ancient lich
 78927 | Zig:25   | Killed an ancient lich
 78933 | Zig:25   | Noticed an ancient lich
 78934 | Zig:25   | Killed an ancient lich
 78935 | Zig:25   | Noticed an ancient lich
 78940 | Zig:25   | Noticed an ancient lich
 78943 | Zig:25   | Killed an ancient lich
 78943 | Zig:25   | Reached XP level 34. HP: 319/322 MP: 100/100
 78945 | Zig:25   | Killed an ancient lich
 78950 | Zig:25   | Noticed an ancient lich
 78950 | Zig:25   | Killed an ancient lich
 78962 | Zig:25   | Noticed an ancient lich
 78962 | Zig:25   | Killed an ancient lich
 79021 | Zig:25   | Got a heavily runed brass ring
 79023 | Zig:25   | Got a twitching crystal amulet
 79024 | Zig:25   | Identified the ring of Ycsias {rPois rN++ MR- SInv Stlth-} (You found it on level 25 of a ziggurat)
 79025 | Zig:25   | Identified the amulet of the Good {StaminaShield Str+2} (You found it on level 25 of a ziggurat)
 79033 | Zig:25   | Identified the Disquisition on Igneous Lightness
 79037 | Zig:25   | Learned a level 2 spell: Repel Missiles
 79050 | Zig:25   | Identified the Disquisition on Frigorific Ignition
 79053 | Zig:25   | Identified the Handbook of Venom
 79056 | Zig:25   | Got a wavering jade ring
 79057 | Zig:25   | Identified the ring "Pufuuf" {rN+ Int+2 Stlth+} (You found it on level 25 of a ziggurat)
 79145 | Zig:26   | Entered Level 26 of a ziggurat
 79336 | Zig:26   | Identified the Tome of Intoxication and Time
 79444 | Zig:27   | Entered Level 27 of a ziggurat
 79704 | Zig:27   | Got a flickering amethyst amulet
 79705 | Zig:27   | Identified the amulet "Erogism" {QuickCast *Contam +Inv rElec rN++} (You found it on level 27 of a ziggurat)
 79732 | Zig:27   | Identified Sif Muna's Almanac of Sinister Light
 79742 | Zig:27   | Identified Uwoelokk's Further Steps in Secret Knowledge
 79801 | Depths:2 | Reached skill level 34 in Spellcasting
 79802 | Depths:2 | Reached skill level 35 in Spellcasting
 79827 | Zig:1    | Entered Level 1 of a ziggurat
 79861 | Zig:2    | Entered Level 2 of a ziggurat
 79946 | Zig:3    | Entered Level 3 of a ziggurat
 79949 | Zig:3    | Noticed Seatti Goleh the pandemonium lord
 79958 | Zig:3    | Killed Seatti Goleh the pandemonium lord
 80041 | Zig:4    | Entered Level 4 of a ziggurat
 80042 | Zig:4    | Noticed Cuoffery the pandemonium lord
 80044 | Zig:4    | Killed Cuoffery the pandemonium lord
 80099 | Zig:5    | Entered Level 5 of a ziggurat
 80172 | Zig:6    | Entered Level 6 of a ziggurat
 80294 | Zig:7    | Entered Level 7 of a ziggurat
 80381 | Zig:7    | Identified a +7 rod of shadows (9/9) (You found it on level 7 of a ziggurat)
 80448 | Zig:8    | Entered Level 8 of a ziggurat
 80525 | Zig:9    | Entered Level 9 of a ziggurat
 80585 | Zig:9    | Got a vibrating bone ring
 80586 | Zig:9    | Identified the ring of Wishful Thinking {*Confuse rElec rPois rF+ Stlth+} (You found it on level 9 of a ziggurat)
 80589 | Zig:9    | Identified Otzeschej's Collected Works on Flight and Light
 80600 | Zig:9    | Reached skill level 36 in Spellcasting
 80709 | Zig:10   | Entered Level 10 of a ziggurat
 80783 | Zig:10   | Identified the Incunabulum of Transmutation and Enhancements
 80836 | Zig:11   | Entered Level 11 of a ziggurat
 80898 | Zig:11   | Got a clouded wooden ring
 80899 | Zig:11   | Identified the ring of Qesylosk {rF+ AC+3} (You found it on level 11 of a ziggurat)
 80993 | Zig:12   | Entered Level 12 of a ziggurat
 81262 | Zig:12   | Got a crude bronze ring
 81263 | Zig:12   | Identified the ring "Fuomuts" {rPois rF+++ rC+} (You found it on level 12 of a ziggurat)
 81269 | Zig:12   | Identified the Tome of the Catfish
 81276 | Zig:12   | Got a vibrating iron ring
 81277 | Zig:12   | Identified the ring "Momareim" {rElec rPois rF+ rC- Stlth+} (You found it on level 12 of a ziggurat)
 81289 | Zig:13   | Entered Level 13 of a ziggurat
 81336 | Zig:13   | Identified Sif Muna's Tome of Conjuration and Darkness
 81450 | Zig:14   | Entered Level 14 of a ziggurat
 81471 | Zig:14   | Reached skill level 37 in Spellcasting
 81590 | Zig:15   | Entered Level 15 of a ziggurat
 81750 | Zig:15   | Reached skill level 10 in Necromancy
 81865 | Zig:16   | Entered Level 16 of a ziggurat
 81888 | Zig:16   | Reached skill level 1 in Polearms
 81941 | Zig:16   | Got a translucent marble ring
 81942 | Zig:16   | Identified the ring of the Jester {rC+ MP+25 Int-2 Slay+3 Stlth+} (You found it on level 16 of a ziggurat)
 81954 | Zig:16   | Got a coiled golden ring
 81955 | Zig:16   | Identified the ring of Xumoext {-Tele rC+ rN++ Int+2 SP-25} (You found it on level 16 of a ziggurat)
 82023 | Zig:17   | Entered Level 17 of a ziggurat
 82029 | Zig:17   | Noticed Toinnegi the pandemonium lord
 82030 | Zig:17   | Killed Toinnegi the pandemonium lord
 82034 | Zig:17   | Noticed Cezol the pandemonium lord
 82035 | Zig:17   | Noticed Fomuxune the pandemonium lord
 82036 | Zig:17   | Killed Cezol the pandemonium lord
 82038 | Zig:17   | Killed Fomuxune the pandemonium lord
 82038 | Zig:17   | Reached XP level 35. HP: 331/331 MP: 79/100
 82040 | Zig:17   | Noticed Qivvuong the pandemonium lord
 82040 | Zig:17   | Noticed Piut Zof the pandemonium lord
 82040 | Zig:17   | Noticed Lomelui the pandemonium lord
 82040 | Zig:17   | Killed Piut Zof the pandemonium lord
 82041 | Zig:17   | Killed Qivvuong the pandemonium lord
 82043 | Zig:17   | Killed Lomelui the pandemonium lord
 82048 | Zig:17   | Noticed Cicsikh the pandemonium lord
 82049 | Zig:17   | Killed Cicsikh the pandemonium lord
 82050 | Zig:17   | Noticed Cocoles the pandemonium lord
 82050 | Zig:17   | Noticed Muschomoo the pandemonium lord
 82053 | Zig:17   | Killed Cocoles the pandemonium lord
 82054 | Zig:17   | Noticed Qozyr the pandemonium lord
 82054 | Zig:17   | Killed Muschomoo the pandemonium lord
 82058 | Zig:17   | Noticed Keunnil the pandemonium lord
 82058 | Zig:17   | Killed Qozyr the pandemonium lord
 82061 | Zig:17   | Noticed Leruisto the pandemonium lord
 82062 | Zig:17   | Killed Keunnil the pandemonium lord
 82083 | Zig:17   | Killed Leruisto the pandemonium lord
 82116 | Zig:17   | Got a pair of faintly glowing boots
 82127 | Zig:17   | Identified the -4 pair of boots "Xakal" {Int+6 Dex-3} (You found it on level 17 of a ziggurat)
 82256 | Zig:18   | Entered Level 18 of a ziggurat
 82280 | Zig:18   | Reached skill level 27 in Ice Magic
 82313 | Zig:18   | Got a shimmering glass ring
 82314 | Zig:18   | Identified the ring of Isyast {rElec rF- MP+25 Dex+3} (You found it on level 18 of a ziggurat)
 82334 | Zig:18   | Reached skill level 38 in Spellcasting
 82376 | Zig:18   | Identified the Papyrus of Moulding and Light
 82497 | Zig:19   | Entered Level 19 of a ziggurat
 82669 | Zig:19   | Got a heavily runed granite ring
 82670 | Zig:19   | Identified the ring of Joush {rElec rPois Int+5 SInv} (You found it on level 19 of a ziggurat)
 82754 | Zig:20   | Entered Level 20 of a ziggurat
 82924 | Zig:20   | Reached skill level 39 in Spellcasting
 83031 | Zig:21   | Entered Level 21 of a ziggurat
 83162 | Zig:21   | Got a faintly glowing amber ring
 83163 | Zig:21   | Identified the cursed ring of the Prince of Darkness {Int+3 Dex-3} (You found it on level 21 of a ziggurat)
 83178 | Zig:21   | Got a pitted bone ring
 83179 | Zig:21   | Identified the ring "Ruec" {rPois MP+25 Str+3} (You found it on level 21 of a ziggurat)
 83294 | Zig:22   | Entered Level 22 of a ziggurat
 83425 | Zig:22   | Identified a +4 rod of clouds (11/11) (You found it on level 22 of a ziggurat)
 83445 | Zig:22   | Got an ancient glass ring
 83446 | Zig:22   | Identified the ring of Suefrur {*Tele rPois} (You found it on level 22 of a ziggurat)
 83460 | Zig:22   | Reached skill level 40 in Spellcasting
 83460 | Zig:22   | Reached skill level 27 in Air Magic
 83553 | Zig:23   | Entered Level 23 of a ziggurat
 83691 | Zig:23   | Identified the Catalogue of Protection and Darkness
 83697 | Zig:23   | Identified the Tome of the Lizard
 83814 | Zig:24   | Entered Level 24 of a ziggurat
 83980 | Zig:24   | Identified a +3 rod of ignition (11/11) (You found it on level 24 of a ziggurat)
 83988 | Zig:24   | Got a flickering lapis lazuli ring
 83989 | Zig:24   | Identified the ring of Sufat {rC++ AC+3} (You found it on level 24 of a ziggurat)
 84079 | Zig:25   | Entered Level 25 of a ziggurat
 84128 | Zig:25   | Reached XP level 36. HP: 261/340 MP: 100/100
 84452 | Tomb:1   | Entered Level 1 of the Tomb of the Ancients
 84667 | Tomb:2   | Noticed Sojobo
 84668 | Tomb:2   | Killed Sojobo
 84802 | Tomb:2   | Learned a level 5 spell: Fireball
 85095 | Tomb:2   | Noticed an ancient lich
 85096 | Tomb:2   | Killed an ancient lich
 85379 | Tomb:3   | Reached skill level 41 in Spellcasting
 85736 | Tomb:3   | Noticed Jory
 85740 | Tomb:3   | Killed Jory
 85776 | Tomb:4   | Entered Level 4 of the Tomb of the Ancients
 85903 | Tomb:4   | Noticed an ancient lich
 85904 | Tomb:4   | Noticed Khufu
 85910 | Tomb:4   | Killed an ancient lich
 85910 | Tomb:4   | Killed Khufu
 86144 | Tomb:4   | Got a twitching silver ring
 86145 | Tomb:4   | Identified the ring "Yrchian" {EV+6 Dex+4} (You found it on level 4 of the Tomb of the Ancients)
 86230 | Tomb:4   | Identified a +8 rod of inaccuracy (14/14) (You found it on level 4 of the Tomb of the Ancients)
 86290 | Tomb:4   | Got a heavily runed bronze ring
 86291 | Tomb:4   | Identified the ring "Astruecsa" {+Fly rPois rC+ rN+} (You found it on level 4 of the Tomb of the Ancients)
 86440 | Tomb:4   | Got a golden rune of Zot
 86798 | Depths:7 | Learned a level 7 spell: Spellforged Servitor
 86861 | Zig:1    | Entered Level 1 of a ziggurat
 86873 | Zig:1    | Lost mutation: You have a pair of small antennae on your head. [potion of cure mutation]
 86873 | Zig:1    | Lost mutation: You are missing an eye, making it more difficult to aim. [potion of cure mutation]
 86903 | Zig:2    | Entered Level 2 of a ziggurat
 86962 | Zig:3    | Entered Level 3 of a ziggurat
 87002 | Zig:4    | Entered Level 4 of a ziggurat
 87079 | Zig:5    | Entered Level 5 of a ziggurat
 87125 | Zig:5    | Got a fine turquoise ring
 87126 | Zig:5    | Identified the ring of Cirewnan {MR+ AC+2 Int+4} (You found it on level 5 of a ziggurat)
 87132 | Zig:6    | Entered Level 6 of a ziggurat
 87180 | Zig:6    | Identified Witwythre's Disquisition on Unholy Poisoning
 87222 | Zig:7    | Entered Level 7 of a ziggurat
 87228 | Zig:7    | Noticed Dosav the pandemonium lord
 87233 | Zig:7    | Killed Dosav the pandemonium lord
 87252 | Zig:7    | Identified the Papyrus of Earthen Boosts
 87261 | Zig:7    | Reached skill level 10 in Evocations
 87368 | Zig:8    | Entered Level 8 of a ziggurat
 87406 | Zig:8    | Identified the Almanac of Heat and Stones
 87464 | Zig:8    | Reached skill level 15 in Evocations
 87475 | Zig:8    | Learned a level 9 spell: Tornado
 87484 | Zig:8    | Learned a level 8 spell: Lehudib's Crystal Spear
 87504 | Zig:9    | Entered Level 9 of a ziggurat
 87588 | Zig:10   | Entered Level 10 of a ziggurat
 87612 | Zig:10   | Identified the Tome of the Venomous Arsonist
 87692 | Zig:10   | Reached skill level 42 in Spellcasting
 87694 | Zig:11   | Entered Level 11 of a ziggurat
 87753 | Zig:11   | Identified a +3 rod of inaccuracy (12/12) (You found it on level 11 of a ziggurat)
 87792 | Zig:12   | Entered Level 12 of a ziggurat
 87801 | Zig:12   | Reached XP level 37. HP: 338/348 MP: 100/100
 87845 | Zig:12   | Identified Etyntycw's Collected Works on Cloudy Creation
 87853 | Zig:12   | Identified a +4 rod of clouds (12/12) (You found it on level 12 of a ziggurat)
 87955 | Zig:13   | Entered Level 13 of a ziggurat
 88037 | Zig:13   | Identified the Guide on Nocuous Fire
 88071 | Zig:13   | Identified the Disquisition on Warped Combat Magic
 88126 | Zig:14   | Entered Level 14 of a ziggurat
 88188 | Zig:14   | Identified a +2 rod of inaccuracy (12/12) (You found it on level 14 of a ziggurat)
 88190 | Zig:14   | Identified Sif Muna's Almanac of Moulding and the Mountains
 88314 | Zig:14   | Reached skill level 27 in Fighting
 88314 | Zig:14   | Reached skill level 43 in Spellcasting
 88319 | Zig:15   | Entered Level 15 of a ziggurat
 88368 | Zig:15   | Gained mutation: You are occasionally teleported next to monsters. [a shining eye]
 88410 | Zig:15   | Identified the Reference Book on Gliding Protection
 88414 | Zig:15   | Identified a +3 rod of inaccuracy (14/14) (You found it on level 15 of a ziggurat)
 88417 | Zig:15   | Identified Enokuam's Guide on Battle Magic and Ice
 88420 | Zig:15   | Identified the Catalogue of Dark Bewitchment
 88480 | Zig:16   | Entered Level 16 of a ziggurat
 88519 | Zig:16   | Identified a +9 rod of ignition (13/13) (You found it on level 16 of a ziggurat)
 88525 | Zig:16   | Identified a +3 rod of clouds (14/14) (You found it on level 16 of a ziggurat)
 88550 | Zig:16   | Reached skill level 44 in Spellcasting
 88623 | Zig:17   | Entered Level 17 of a ziggurat
 88701 | Zig:17   | Got a scintillating jade amulet
 88701 | Zig:17   | Got a glittering ivory ring
 88701 | Zig:17   | Identified the Volume of Slavery and Changing
 88701 | Zig:17   | Identified the Catalogue of Time and Creation
 88702 | Zig:17   | Identified the amulet "Syskak" {StaminaShield MR+ Int+3 Dex+4} (You found it on level 17 of a ziggurat)
 88703 | Zig:17   | Identified the ring "Cugioh" {*Corrode rF+ Dex+3 SP+25 Stlth+} (You found it on level 17 of a ziggurat)
 88714 | Zig:18   | Entered Level 18 of a ziggurat
 88860 | Zig:18   | Identified a +8 rod of shadows (12/12) (You found it on level 18 of a ziggurat)
 88878 | Zig:18   | Learned a level 9 spell: Glaciate
 88883 | Zig:19   | Entered Level 19 of a ziggurat
 88929 | Zig:19   | Identified a +4 rod of ignition (11/11) (You found it on level 19 of a ziggurat)
 88933 | Zig:19   | Identified the Grimoire of Envenoming and Light
 88939 | Zig:19   | Identified the Handbook of Unstable Weightlessness
 88953 | Zig:19   | Got a pair of smoking boots
 88954 | Zig:19   | Identified the cursed +0 pair of boots of Shadows and Fog {RegenHP+ Dex+2} (You found it on level 19 of a ziggurat)
 89084 | Zig:20   | Entered Level 20 of a ziggurat
 89141 | Zig:20   | Got a shimmering amber ring
 89142 | Zig:20   | Identified the ring of Sostrymua {rCorr rPois Str-2 Dex+4 SInv} (You found it on level 20 of a ziggurat)
 89157 | Zig:20   | Identified the Papyrus of Harmful Darkness
 89247 | Zig:20   | Reached skill level 27 in Dodging
 89249 | Zig:21   | Entered Level 21 of a ziggurat
 89259 | Zig:21   | Reached skill level 45 in Spellcasting
 89305 | Zig:21   | Identified a +3 rod of clouds (12/12) (You found it on level 21 of a ziggurat)
 89310 | Zig:21   | Got a ring of the Octopus King
 89311 | Zig:21   | Identified a ring of the Octopus King {SustAt AC+1 EV+1 Str+1 Int+1 Dex+1} (You found it on level 21 of a ziggurat)
 89313 | Zig:21   | Identified a +3 rod of ignition (12/12) (You found it on level 19 of a ziggurat)
 89326 | Zig:21   | Identified Vowiny's Incunabulum of Shape Shifting
 89470 | Zig:22   | Entered Level 22 of a ziggurat
 89499 | Zig:22   | Killed an ancient lich
 89501 | Zig:22   | Noticed an ancient lich
 89501 | Zig:22   | Killed an ancient lich
 89501 | Zig:22   | Killed an ancient lich
 89529 | Zig:22   | Got a slimy marble ring
 89530 | Zig:22   | Identified the ring "Voamuun" {rN+ MR+ Dex+3} (You found it on level 22 of a ziggurat)
 89545 | Zig:22   | Got a scintillating bronze amulet
 89546 | Zig:22   | Identified the amulet of Understanding {RegenMP rC++ MR+ Str-3} (You found it on level 22 of a ziggurat)
 89554 | Zig:22   | Identified Sif Muna's Compendium of the Mutagenic Traveller
 89658 | Zig:23   | Entered Level 23 of a ziggurat
 89759 | Zig:23   | Got a scorched glass ring
 89760 | Zig:23   | Identified the ring "Lireat" {MR+ Dex+3} (You found it on level 23 of a ziggurat)
 89774 | Zig:23   | Identified Qiafug's Papyrus of Toxic Stones
 89782 | Zig:23   | Identified the Collected Works on the Rocks and Darkness
 89882 | Zig:24   | Entered Level 24 of a ziggurat
 89917 | Zig:24   | Noticed an ancient lich
 89918 | Zig:24   | Killed an ancient lich
 89921 | Zig:24   | Killed an ancient lich
 89944 | Zig:24   | Identified Sif Muna's Reference Book on the Ghastly Mountains
 89946 | Zig:24   | Got a heavily runed wooden ring
 89947 | Zig:24   | Identified the ring of Deolerit {Wiz -Tele rPois Str+5 Slay+5} (You found it on level 24 of a ziggurat)
 89962 | Zig:24   | Got a brightly glowing bone ring
 89963 | Zig:24   | Identified the ring of Rofyheno {+Fly MP+25} (You found it on level 24 of a ziggurat)
 89974 | Zig:24   | Got a brightly glowing tin ring
 89975 | Zig:24   | Identified the ring "Deilac" {rElec rPois Int+6 SP+25 Stlth-} (You found it on level 24 of a ziggurat)
 90009 | Zig:24   | Identified the +6 flail of the Warrior {venom, rPois rF+ rC+ Int+5} (You found it on level 24 of a ziggurat)
 90011 | Zig:24   | Reached skill level 46 in Spellcasting
 90095 | Zig:25   | Entered Level 25 of a ziggurat
 90114 | Zig:25   | Reached XP level 38. HP: 308/357 MP: 100/100
 90165 | Zig:25   | Got a ring of the Octopus King
 90166 | Zig:25   | Identified a ring of the Octopus King {Wiz AC+1 EV+1 Str+1 Int+1 Dex+1} (You found it on level 25 of a ziggurat)
 90208 | Zig:25   | Got a wavering iron ring
 90209 | Zig:25   | Identified the ring "Tiluejitz" {rElec rC+} (You found it on level 25 of a ziggurat)
 90324 | Zig:26   | Entered Level 26 of a ziggurat
 90409 | Zig:26   | Got a bound steel amulet
 90410 | Zig:26   | Identified the amulet "Zooppidoecw" {Reflect rN++ Slay+3 SH+2} (You found it on level 26 of a ziggurat)
 90552 | Zig:26   | Reached skill level 27 in Fire Magic
 90553 | Zig:26   | Reached skill level 47 in Spellcasting
 90555 | Zig:27   | Entered Level 27 of a ziggurat
 90636 | Zig:27   | Identified Aliet's Guide on Ashen Confrontation
 90789 | Dis:1    | Entered Level 1 of the Iron City of Dis
 91311 | Dis:7    | Entered Level 7 of the Iron City of Dis
 91319 | Dis:7    | Found a huge runed gate.
 91319 | Dis:7    | Found a huge runed gate.
 91319 | Dis:7    | Found a huge runed gate.
 91321 | Dis:7    | Found a huge runed gate.
 91323 | Dis:7    | Found a huge runed gate.
 91325 | Dis:7    | Found a huge runed gate.
 91325 | Dis:7    | Found a huge runed gate.
 91325 | Dis:7    | Found a huge runed gate.
 91399 | Dis:7    | Reached skill level 48 in Spellcasting
 91577 | Dis:7    | Noticed Dispater
 91579 | Dis:7    | Killed Dispater
 91603 | Dis:7    | Got a pitted eveningstar
 91604 | Dis:7    | Identified the +6 eveningstar "Xeqa" {freeze, rF+ rC+ rN+} (You found it on level 7 of the Iron City of Dis)
 91665 | Dis:7    | Got an iron rune of Zot
 91818 | Coc:1    | Entered Level 1 of Cocytus
 92577 | Coc:7    | Entered Level 7 of Cocytus
 92803 | Coc:7    | Noticed Antaeus
 92806 | Coc:7    | Killed Antaeus
 92811 | Coc:7    | Got an icy rune of Zot
 92817 | Coc:7    | Got a warped turquoise ring
 92818 | Coc:7    | Identified the ring "Emoexesipn" {rPois MR- Str+5 Int+5 SInv} (You found it on level 7 of Cocytus)
 92970 | Hell     | Learned a level 9 spell: Fire Storm
 92971 | Geh:1    | Entered Level 1 of Gehenna
 93319 | Geh:6    | Reached XP level 39. HP: 366/366 MP: 100/100
 93387 | Geh:7    | Entered Level 7 of Gehenna
 93404 | Geh:7    | Noticed Asmodeus
 93405 | Geh:7    | Killed Asmodeus
 93429 | Geh:7    | Got an obsidian rune of Zot
 93492 | Tar:1    | Entered Level 1 of Tartarus
 93944 | Tar:7    | Entered Level 7 of Tartarus
 94006 | Tar:7    | Identified the Compendium of Attacks and Time (You found it on level 7 of Tartarus)
 94073 | Tar:7    | Identified the Almanac of Inference (You found it on level 7 of Tartarus)
 94129 | Tar:7    | Noticed the Serpent of Hell
 94133 | Tar:7    | Killed the Serpent of Hell
 94211 | Tar:7    | Killed Ereshkigal
 94244 | Tar:7    | Got a bony rune of Zot
 94607 | Depths:3 | Identified the Collected Works on the Blaze
 94611 | Depths:3 | Identified the Catalogue of Flight
 94735 | Pan      | Entered Pandemonium
 94896 | Pan      | Gained mutation: You are resistant to hostile enchantments. (MR+) [a cacodemon]
 95035 | Pan      | Found an exit through the horrors of the Abyss.
 95185 | Pan      | Noticed Kechausm the pandemonium lord
 95186 | Pan      | Killed Kechausm the pandemonium lord
 95251 | Pan      | Lost mutation: You are occasionally teleported next to monsters. [potion of cure mutation]
 95361 | Pan      | Noticed Azxaaf Eha the pandemonium lord
 95363 | Pan      | Killed Azxaaf Eha the pandemonium lord
 95551 | Pan      | Noticed Etsifio the pandemonium lord
 95551 | Pan      | Killed Etsifio the pandemonium lord
 95722 | Pan      | Found a glowing golden altar of the Shining One.
 95737 | Pan      | Got a demonic rune of Zot
 95739 | Pan      | Identified the Reference Book on Floating Cold
 95743 | Pan      | Identified the Handbook of Aerial Confrontation
 95758 | Pan      | Got a coiled bone ring
 95759 | Pan      | Identified the ring "Avuxkist" {+Blink Str+3 Slay+5} (You found it in Pandemonium)
 95945 | Pan      | Reached skill level 49 in Spellcasting
 95987 | Pan      | Found a glowing silver altar of Zin.
 96318 | Pan      | Found a white marble altar of Elyvilon.
 96863 | Pan      | Gained mutation: You regenerate stamina slowly. [a neqoxec]
 96960 | Pan      | Gained mutation: You are weak. (Str -2) [a neqoxec]
 97073 | Pan      | Lost mutation: You regenerate stamina slowly. [potion of cure mutation]
 97073 | Pan      | Lost mutation: You are weak. (Str -2) [potion of cure mutation]
 97073 | Pan      | Lost mutation: You are resistant to hostile enchantments. (MR+) [potion of cure mutation]
 97128 | Pan      | Found an exit through the horrors of the Abyss.
 97513 | Pan      | Killed Uresitid the pandemonium lord
 97905 | Pan      | Found an exit through the horrors of the Abyss.
 98846 | Pan      | Found a huge runed gate.
 98846 | Pan      | Found a huge runed gate.
 98847 | Pan      | Found a huge runed gate.
 98847 | Pan      | Found a huge runed gate.
 98850 | Pan      | Found a huge runed gate.
 98850 | Pan      | Found a huge runed gate.
 98851 | Pan      | Found a huge runed gate.
 98851 | Pan      | Found a huge runed gate.
 98851 | Pan      | Found a huge runed gate.
 98851 | Pan      | Found a huge runed gate.
 98851 | Pan      | Found a huge runed gate.
 98851 | Pan      | Found a huge runed gate.
 98853 | Pan      | Found a huge runed gate.
 98853 | Pan      | Found a huge runed gate.
 98853 | Pan      | Found a huge runed gate.
 98853 | Pan      | Found a huge runed gate.
 98853 | Pan      | Found a huge runed gate.
 98854 | Pan      | Found a huge runed gate.
 98854 | Pan      | Found a huge runed gate.
 98857 | Pan      | Found a huge runed gate.
 98857 | Pan      | Found a huge runed gate.
 98861 | Pan      | Noticed Moteatubb the pandemonium lord
 98862 | Pan      | Killed Moteatubb the pandemonium lord
 98870 | Pan      | Reached XP level 40. HP: 375/375 MP: 100/100
 98929 | Pan      | Reached skill level 1 in Time Magic
 98958 | Pan      | Noticed Taqonk the pandemonium lord
 98959 | Pan      | Killed Taqonk the pandemonium lord
 99159 | Pan      | Reached skill level 5 in Time Magic
 99367 | Pan      | Noticed Kesy the pandemonium lord
 99368 | Pan      | Killed Kesy the pandemonium lord
 99754 | Pan      | Noticed Umy Agg the pandemonium lord
 99755 | Pan      | Killed Umy Agg the pandemonium lord
 99795 | Pan      | Found a runed door.
 99982 | Pan      | Found an exit through the horrors of the Abyss.
100030 | Pan      | Gained mutation: You are clumsy. (Dex -2) [a cacodemon]
100342 | Pan      | Noticed Keahal the pandemonium lord
100343 | Pan      | Killed Keahal the pandemonium lord
100371 | Pan      | Identified Volabrel's Tome of Glacial Conjuration
100674 | Pan      | Noticed Aruskem the pandemonium lord
100674 | Pan      | Killed Aruskem the pandemonium lord
100676 | Pan      | Gained mutation: You regenerate stamina slowly. [a cacodemon]
100679 | Pan      | Reached skill level 10 in Time Magic
100712 | Pan      | Found an exit through the horrors of the Abyss.
100844 | Pan      | Found a huge runed gate.
100855 | Pan      | Noticed Ejarel the pandemonium lord
100857 | Pan      | Killed Ejarel the pandemonium lord
100872 | Pan      | Entered the realm of Mnoleg.
100993 | Pan      | Noticed Mnoleg
100995 | Pan      | Killed Mnoleg
101032 | Pan      | Got a glowing rune of Zot
101107 | Pan      | Lost mutation: You are clumsy. (Dex -2) [potion of cure mutation]
101107 | Pan      | Lost mutation: You regenerate stamina slowly. [potion of cure mutation]
101109 | Pan      | Entered the realm of Cerebov.
101261 | Pan      | Noticed Cerebov
101272 | Pan      | Killed Cerebov
101272 | Pan      | Reached skill level 50 in Spellcasting
101291 | Pan      | Got a brightly glowing ivory ring
101292 | Pan      | Identified the ring "Dunesiy" {rPois rC+ Int-3 Dex+2} (You took it off a balrug in Pandemonium)
101303 | Pan      | Got a fiery rune of Zot
101488 | Pan      | Entered the realm of Lom Lobon.
101609 | Pan      | Noticed Lom Lobon
101611 | Pan      | Killed Lom Lobon
101621 | Pan      | Got a magical rune of Zot
101825 | Pan      | Found an exit through the horrors of the Abyss.
102142 | Pan      | Entered the realm of Gloorx Vloq.
102281 | Pan      | Noticed Gloorx Vloq
102283 | Pan      | Killed Gloorx Vloq
102296 | Pan      | Got a dark rune of Zot
102643 | Pan      | Killed Siokhlump the pandemonium lord
102676 | Pan      | Got a pitted turquoise ring
102678 | Pan      | Identified the ring of Pakellas's Scorn {rF+++ rC- Int+3 SP+25} (You found it in Pandemonium)
102716 | Pan      | Found an exit through the horrors of the Abyss.
102727 | Pan      | Took an exit into the Abyss.
102727 | Abyss:1  | Escaped into the Abyss
102743 | Abyss:2  | Found a corrupted altar of Lugonu.
102766 | Depths:3 | Escaped the Abyss
103158 | Zot:1    | Entered Level 1 of the Realm of Zot
103343 | Zot:2    | Gained mutation: You are clumsy. (Dex -2) [mutagenic glow]
103411 | Zot:2    | Noticed an orb of fire
103411 | Zot:2    | Killed an orb of fire
103494 | Zot:4    | Noticed an ancient lich
103497 | Zot:4    | Killed an ancient lich
103548 | Zot:4    | Reached skill level 15 in Staves
103775 | Zot:4    | Reached skill level 15 in Time Magic
103908 | Zot:5    | Noticed an orb of fire
103908 | Zot:5    | Killed an orb of fire
104042 | Zot:7    | Entered Level 7 of the Realm of Zot
104044 | Zot:7    | Reached XP level 41. HP: 362/384 MP: 100/100
104050 | Zot:7    | Noticed an orb of fire
104050 | Zot:7    | Noticed an orb of fire
104052 | Zot:7    | Killed an orb of fire
104052 | Zot:7    | Killed an orb of fire
104243 | Zot:7    | Noticed an orb of fire
104246 | Zot:7    | Killed an orb of fire
104256 | Zot:7    | Killed an orb of fire
104260 | Zot:7    | Noticed an ancient lich
104260 | Zot:7    | Noticed an orb of fire
104261 | Zot:7    | Killed an ancient lich
104261 | Zot:7    | Killed an orb of fire
104268 | Zot:7    | Noticed an orb of fire
104269 | Zot:7    | Noticed an orb of fire
104270 | Zot:7    | Killed an orb of fire
104271 | Zot:7    | Killed an orb of fire
104272 | Zot:7    | Noticed an ancient lich
104277 | Zot:7    | Noticed an ancient lich
104281 | Zot:7    | Noticed an orb of fire
104281 | Zot:7    | Noticed an ancient lich
104281 | Zot:7    | Killed an ancient lich
104284 | Zot:7    | Killed an ancient lich
104287 | Zot:7    | Killed an orb of fire
104287 | Zot:7    | Killed an ancient lich
104297 | Zot:7    | Noticed an orb of fire
104299 | Zot:7    | Killed an orb of fire
104312 | Zot:7    | Noticed an orb of fire
104313 | Zot:7    | Killed an orb of fire
104337 | Zot:7    | Got the Orb of Zot
104342 | Zot:7    | Noticed an ancient lich
104344 | Zot:7    | Killed an ancient lich
104793 | Zot:1    | Entered Level 1 of the Realm of Zot
104845 | Zot:$    | Escaped with the Orb!

Skill      XL: |  1  2  3  4  5  6  7  8  9 10 11 12 13 14 15 16 17 18 19 20 21 22 23 24 25 26 27 28 29 30 31 32 33 34 35 36 37 38 39 40 41 |
---------------+----------------------------------------------------------------------------------------------------------------------------+-----
Earth Magic    | 4 5 6 7 8 9 10 11 12 13 15 16 18 19 21 22 24 25 27 29 31 32 34 36 37 38 40 41 42 | 42.4
Spellcasting   | 3 4 5 6 7 8 9 10 12 13 14 15 16 17 18 19 20 22 23 29 33 37 40 42 46 48 49 50 | 50.5
Dodging        | 3 4 5 6 7 8 9 10 13 15 18 22 23 28 29 | 29.7
Staves         | 2 8 14 15 18 | 18.1
Fighting       | 2 3 8 9 13 19 22 25 33 34 | 34.7
Evocations     | 3 5 15 | 15.9
Conjurations   | 2 4 7 9 11 12 13 14 16 17 18 20 21 23 24 27 30 32 35 37 38 39 | 39.7
Fire Magic     | 2 3 7 8 10 11 12 14 15 16 22 24 30 33 39 41 | 41.2
Armour         | 3 6 10 13 14 29 36 38 39 | 39.5
Shields        | 1 4 6 11 15 | 15.0
Translocations | 4 8 |  8.7
Ice Magic      | 4 9 12 16 22 26 29 31 37 38 | 38.2
Air Magic      | 17 21 24 27 32 37 38 | 38.5
Necromancy     | 10 13 | 13.6
Polearms       | 2 4 |  4.5
Hexes          | 14 | 14.2
Maces & Flails | 6 11 | 11.7
Unarmed Combat | 12 | 12.7
Time Magic     | 15 18 | 18.2
Stealth        | |  1.1
Transmutations | |  0.7

Action                   |  1- 3 |  4- 6 |  7- 9 | 10-12 | 13-15 | 16-18 | 19-21 | 22-24 | 25-27 | 28-30 | 31-33 | 34-36 | 37-39 | 40-42 || total
-------------------------+-------+-------+-------+-------+-------+-------+-------+-------+-------+-------+-------+-------+-------+-------++-------
Melee: Unarmed           |       |    13 |       |       |       |       |       |       |       |       |       |       |       |       ||    13
       Quarterstaff      |       |       |     1 |       |     1 |     4 |       |       |       |       |       |       |       |       ||     6
       Staff             |       |       |       |       |       |       |     2 |     8 |     2 |     1 |     7 |    22 |     1 |       ||    43
       Eveningstar       |       |       |       |       |       |       |       |       |       |       |       |       |   126 |   154 ||   280
 Cast: Sandblast         |    36 |   266 |   311 |   139 |   158 |   584 |   295 |   222 |     9 |     6 |       |     1 |       |       ||  2027
       Stone Arrow       |       |       |    57 |   249 |   235 |   290 |   210 |   308 |   409 |   629 |   473 |   566 |   754 |   331 ||  4511
       Petrify           |       |       |     1 |     1 |     2 |     2 |     2 |       |     2 |       |       |       |       |       ||    10
       Lee's Rapid Decon |       |       |       |       |    21 |    41 |    27 |    62 |   165 |   150 |    89 |    61 |   294 |    61 ||   971
       Passwall          |       |       |       |       |     1 |       |       |       |       |       |     9 |       |       |       ||    10
       Bolt of Magma     |       |       |       |       |       |     8 |     4 |    18 |     5 |     9 |     4 |       |     2 |     1 ||    51
       Iron Shot         |       |       |       |       |       |       |     6 |       |       |       |     1 |       |       |       ||     7
       Call Canine Famil |       |       |       |       |       |       |     1 |       |       |       |       |       |       |       ||     1
       Iskenderun's Myst |       |       |       |       |       |       |       |       |   164 |   925 |   569 |   857 |   987 |   952 ||  4454
       Shatter           |       |       |       |       |       |       |       |       |       |    22 |    29 |    36 |    30 |    47 ||   164
       Orb of Destructio |       |       |       |       |       |       |       |       |       |     1 |       |     1 |       |       ||     2
       Conjure Ball Ligh |       |       |       |       |       |       |       |       |       |     1 |       |       |     1 |       ||     2
       Repel Missiles    |       |       |       |       |       |       |       |       |       |       |       |     3 |     1 |     2 ||     6
       Blink             |       |       |       |       |       |       |       |       |       |       |       |     1 |       |     1 ||     2
       Fireball          |       |       |       |       |       |       |       |       |       |       |       |    55 |       |       ||    55
       Spellforged Servi |       |       |       |       |       |       |       |       |       |       |       |     1 |     1 |       ||     2
       Tornado           |       |       |       |       |       |       |       |       |       |       |       |       |    14 |     1 ||    15
       Lehudib's Crystal |       |       |       |       |       |       |       |       |       |       |       |       |     6 |     8 ||    14
       Glaciate          |       |       |       |       |       |       |       |       |       |       |       |       |     2 |    16 ||    18
       Fire Storm        |       |       |       |       |       |       |       |       |       |       |       |       |     1 |       ||     1
 Abil: Fly               |       |       |       |       |     1 |       |     1 |       |       |       |       |       |     1 |       ||     3
Evoke: Wand              |       |       |       |       |       |       |       |       |       |       |    11 |    37 |     8 |       ||    56
       Figurine of a zig |       |       |       |       |       |       |       |       |       |       |       |     2 |       |       ||     2
  Use: Scroll            |       |    15 |     2 |     6 |     5 |     1 |     9 |     2 |     4 |     7 |    20 |    42 |    44 |    30 ||   187
       Potion            |       |     1 |       |     3 |     4 |     2 |     1 |       |     2 |       |    12 |    24 |    17 |     1 ||    67
Armor: Robe              |     1 |    65 |   107 |    96 |   129 |   619 |    61 |       |       |       |       |       |       |       ||  1078
       Mottled dragon ar |       |       |       |       |       |       |    98 |   236 |   176 |   218 |   236 |    49 |       |       ||  1013
       Crystal plate arm |       |       |       |       |       |       |       |       |       |       |       |   790 |   423 |   411 ||  1624
Dodge: Dodged            |    17 |   173 |   303 |   298 |   398 |  1512 |   220 |   223 |   101 |   124 |   152 |   342 |   204 |   146 ||  4213
       Deflected         |       |       |       |       |       |       |       |       |       |       |       |    17 |    21 |     3 ||    41
Block: Buckler           |       |       |       |       |       |       |    89 |   107 |    71 |       |       |       |       |       ||   267
       Shield            |       |       |       |       |       |       |       |       |    22 |   241 |   190 |   474 |   357 |   190 ||  1474
